Workbook
Name _1Excel_BuiltIn_Print_Area_1_1_1: 'Прил 3'!$A$1:$C$29
Name _2Excel_BuiltIn_Print_Area_7_1_1: #REF!
Name _2Excel_BuiltIn_Print_Area_7_1_1: #REF!
Name _Toc105952698: 'Прил 5 '!$A$2
Name _Toc105952698: #REF!
Name Excel_BuiltIn_Print_Area_1: 'Прил 3'!$A$1:$C$29
Name Excel_BuiltIn_Print_Area_1_1: 'Прил 3'!$A$1:$C$29
Name Excel_BuiltIn_Print_Area_2: #REF!
Name Excel_BuiltIn_Print_Area_2: #REF!
Name Excel_BuiltIn_Print_Area_3: 'Прил 1'!$A$1:$C$32
Name Excel_BuiltIn_Print_Area_3_1: #REF!
Name Excel_BuiltIn_Print_Area_3_1: #REF!
Name Excel_BuiltIn_Print_Area_4: #REF!
Name Excel_BuiltIn_Print_Area_4: #REF!
Name Excel_BuiltIn_Print_Area_5: 'Прил 5 '!$A$1:$I$42
Name Excel_BuiltIn_Print_Area_5: #REF!
Name Excel_BuiltIn_Print_Area_5_1: 'Прил 5 '!$A$1:$I$42
Name Excel_BuiltIn_Print_Area_5_1: #REF!
Name Excel_BuiltIn_Print_Area_6: 'Прил 4'!$A$1:$G$43
Name Excel_BuiltIn_Print_Area_6_1: 'Прил 4'!$A$1:$G$43
Name Excel_BuiltIn_Print_Area_7: #REF!
Name Excel_BuiltIn_Print_Area_7: #REF!
Name Excel_BuiltIn_Print_Area_7_1: #REF!
Name Excel_BuiltIn_Print_Area_7_1: #REF!

Sheet Прил 1
C1: Приложение 1 к решению Совета депутатов Латышовского сельского поселения "О бюджете Латышовского сельского поселения Кадошкинского муниципального района Республики Мордовия на 2022 год и на плановый период 2023 и 2024 годов"
A2: ПЕРЕЧЕНЬ АДМИНИСТРАТОРОВ ДОХОДОВ БЮДЖЕТА ЛАТЫШОВСКОГО СЕЛЬСКОГО ПОСЕЛЕНИЯ КАДОШКИНСКОГО МУНИЦИПАЛЬНОГО РАЙОНА РЕСПУБЛИКИ МОРДОВИЯ
A4: Код бюджетной классификации Российской Федерации | C4: Наименование доходов бюджета
A5: администратора доходов | B5: доходов бюджета
A6: 1 | B6: 2 | C6: 3
A8: 916 | B8: Администрация Латышовского сельского поселения Кадошкинского муниципального района Республики Мордовия
A10: 916 | B10: 1 08 04020 01 1000 110 | C10: Государственная пошлина за совершение нотариальных действий должностными лицами органов местного самоуправления, уполномоченными в соответствии с законодательными актами Российской Федерации на совершение нотариальных действий
A11: 916 | B11: 1 08 04020 01 4000 110 | C11: Государственная пошлина за совершение нотариальных действий должностными лицами органов местного самоуправления, уполномоченными в соответствии с законодательными актами Российской Федерации на совершение нотариальных действий (прочие поступления)
A12: 916 | B12: 1 11 02033 10 0000 120 | C12: Доходы от размещения временно свободных средств бюджетов сельских поселений
A13: 916 | B13: 1 11 05035 10 0000 120 | C13: Доходы от сдачи в аренду имущества, находящегося в оперативном управлении органов управления сельских поселений и созданных ими учреждений (за исключением имущества муниципальных бюджетных и автономных учреждений)
A14: 916 | B14: 1 11 09045 10 0000 120 | C14: Прочие поступления от использования имущества, находящегося в собственности сельских поселений (за исключением имущества муниципальных бюджетных и автономных учреждений, а также имущества муниципальных унитарных предприятий, в том числе казенных)
A15: 916 | B15: 1 13 01995 10 0000 130 | C15: Прочие доходы от оказания платных услуг (работ) получателями средств бюджетов сельских поселений
A16: 916 | B16: 1 13 02995 10 0000 130 | C16: Прочие доходы от компенсации затрат бюджетов сельских поселений
A17: 916 | B17: 1 14 02052 10 0000 410 | C17: Доходы от реализации имущества, находящегося в оперативном управлении учреждений, находящихся в ведении органов управления сельских поселений (за исключением имущества муниципальных бюджетных и автономных учреждений), в части реализации основных средств по указанному имуществу
A18: 916 | B18: 1 14 02052 10 0000 440 | C18: Доходы от реализации имущества, находящегося в оперативном управлении учреждений, находящихся в ведении органов управления сельских поселений (за исключением имущества муниципальных бюджетных и автономных учреждений), в части реализации материальных запасов по указанному имуществу
A19: 916 | B19: 1 14 02053 10 0000 410 | C19: Доходы от реализации иного имущества, находящегося в собственности сельских поселений (за исключением имущества муниципальных бюджетных и автономных учреждений, а также имущества муниципальных унитарных предприятий, в том числе казенных), в части реализации основных средств по указанному имуществу
A20: 916 | B20: 1 14 02053 10 0000 440 | C20: Доходы от реализации иного имущества, находящегося в собственности сельских поселений (за исключением имущества муниципальных бюджетных и автономных учреждений, а также имущества муниципальных унитарных предприятий, в том числе казенных), в части реализации материальных запасов по указанному имуществу
A21: 916 | B21: 1 14 06025 10 0000 430 | C21: Доходы от продажи земельных участков, находящихся в собственности сельских поселений (за исключением земельных участков муниципальных бюджетных и автономных учреждений)
... A37: 916 | B37: 2 08 05000 10 0000 150 | C37: Перечисления из бюджетов сельских поселений (в бюджеты поселений) для осуществления возврата (зачета) излишне уплаченных или излишне взысканных сумм налогов, сборов и иных платежей, а также сумм процентов за несвоевременное осуществление такого возврата и процентов, начисленных на излишне взысканные суммы

Sheet Прил 2
C1: Приложение 2 к решению Совета депутатов Латышовского сельского поселения "О бюджете Латышовского сельского поселения Кадошкинского муниципального района Республики Мордовия на 2022 год и на плановый период 2023 и 2024 годов"
A2: ПЕРЕЧЕНЬ ГЛАВНЫХ АДМИНИСТРАТОРОВ ИСТОЧНИКОВ ФИНАНСИРОВАНИЯ ДЕФИЦИТА БЮДЖЕТА ЛАТЫШОВСКОГО СЕЛЬСКОГО ПОСЕЛЕНИЯ КАДОШКИНСКОГО МУНИЦИПАЛЬНОГО РАЙОНА РЕСПУБЛИКИ МОРДОВИЯ
A5: Код бюджетной классификации Российской Федерации | C5: Наименование главного администратора источника финансирования бюджета
A6: админи- стратора | B6: источников внутреннего финансирования дефицита бюджета
A7: 1 | B7: 2 | C7: 3
A8: 916 | C8: Администрация Латышовского сельского поселения Кадошкинского муниципального района
A9: 916 | B9: 01 02 00 00 10 0000 710 | C9: Получение кредитов от других бюджетов бюджетной системы Российской Федерации бюджетами сельских поселений в валюте Российской Федерации
A10: 916 | B10: 01 03 01 00 10 0000 810 | C10: Погашение бюджетами сельских поселений кредитов от других бюджетов бюджетной системы Российской Федерации в валюте Российской Федерации

Sheet Прил 3
C1: Приложение 3 к решению Совета депутатов Латышовского сельского поселения "О бюджете Латышовского сельского поселения Кадошкинского муниципального района Республики Мордовия на 2022 год и на плановый период 2023 и 2024 годов"
A2: ДОХОДЫ БЮДЖЕТА ЛАТЫШОВСКОГО СЕЛЬСКОГО ПОСЕЛЕНИЯ КАДОШКИНСКОГО МУНИЦИПАЛЬНОГО РАЙОНА РЕСПУБЛИКИ МОРДОВИЯ
C4: (тыс.рублей)
A5: Код бюджетной классификации доходов бюджета | B5: Наименование доходов | C5: Сумма
C6: 2022 год | D6: 2023 год | E6: 2024 год
A7: 1 | B7: 2 | C7: 3 | D7: 4 | E7: 5
B8: ВСЕГО ДОХОДОВ | C8: =SUM(C9+C20) -> 1603.8 | D8: =SUM(D9+D20) -> 1377.7 | E8: =SUM(E9+E20) -> 1413.2
A9: 00010000000000000000 | B9: НАЛОГОВЫЕ И НЕНАЛОГОВЫЕ ДОХОДЫ | C9: =C10+C13+C15+C17 -> 895 | D9: =D10+D13+D15+D17 -> 905 | E9: =E10+E13+E15+E17 -> 919
A10: 00010100000000000000 | B10: НАЛОГИ НА ПРИБЫЛЬ, ДОХОДЫ | C10: =SUM(C11) -> 33 | D10: =SUM(D11) -> 35 | E10: =SUM(E11) -> 36
A11: 00010102000010000110 | B11: Налог на доходы физических лиц | C11: =SUM(C12) -> 33 | D11: =SUM(D12) -> 35 | E11: =SUM(E12) -> 36
A12: 18210102010010000110 | B12: Налог на доходы физических лиц с доходов, источником которых является налоговый агент, за исключением доходов, в отношении которых исчисление и уплата налога осуществляются в соответствии со статьями 227, 2271 и 228 Налогового кодекса Российской Федерации | C12: 33 | D12: 35 | E12: 36
A13: 00010500000000000000 | B13: НАЛОГИ НА СОВОКУПНЫЙ ДОХОД | C13: =SUM(C14) -> 56 | D13: =SUM(D14) -> 56 | E13: =SUM(E14) -> 56
A14: 18210503010010000110 | B14: Единый сельскохозяйственный налог | C14: 56 | D14: 56 | E14: 56
A15: 00010600000000000000 | B15: НАЛОГИ НА ИМУЩЕСТВО | C15: =SUM(C16) -> 98 | D15: =SUM(D16) -> 99 | E15: =SUM(E16) -> 101
A16: 18210601030100000110 | B16: Налог на имущество физических лиц, взимаемый по ставкам, применяемым к объектам налогообложения, расположенным в границах сельских поселений | C16: 98 | D16: 99 | E16: 101
A17: 00010606000000000110 | B17: Земельный налог | C17: =SUM(C18+C19) -> 708 | D17: =SUM(D18+D19) -> 715 | E17: =SUM(E18+E19) -> 726
A18: 18210606033100000110 | B18: Земельный налог с организаций, обладающих земельным участком, расположенным в границах сельских поселений | C18: 533 | D18: 540 | E18: 551
A19: 18210606043100000110 | B19: Земельный налог с физических лиц, обладающих земельным участком, расположенным в границах сельских поселений | C19: 175 | D19: 175 | E19: 175
A20: 00020200000000000000 | B20: БЕЗВОЗМЕЗДНЫЕ ПОСТУПЛЕНИЯ ОТ ДРУГИХ БЮДЖЕТОВ БЮДЖЕТНОЙ СИСТЕМЫ РОССИЙСКОЙ ФЕДЕРАЦИИ | C20: =SUM(C25+C28+C21+C23) -> 708.8 | D20: =SUM(D25+D28+D21+D23) -> 472.7 | E20: =SUM(E25+E28+E21+E23) -> 494.2
A21: 00020210000000000150 | B21: Дотации бюджетам бюджетной системы Российской Федерации | C21: =C22 -> 244 | D21: =D22 -> 0 | E21: =E22 -> 0
A22: 91620215002100000150 | B22: Дотации бюджетам сельских поселений на поддержку мер по обеспечению сбалансированности бюджетов | C22: 244 | D22: 0 | E22: 0
A23: 00020220000000000150 | B23: Субсидии бюджетам бюджетной системы Российской Федерации (межбюджетные субсидии) | C23: =C24 -> 0 | D23: =D24 -> 0 | E23: =E24 -> 0
A24: 91620229999100000150 | B24: Прочие субсидии бюджетам сельских поселений | C24: 0 | D24: 0 | E24: 0
A25: 00020230000000000150 | B25: Субвенции бюджетам бюджетной системы Российской Федерации | C25: =SUM(C26+C27) -> 87.6 | D25: =SUM(D26+D27) -> 90.3 | E25: =SUM(E26+E27) -> 90.3
A26: 91620230024100000150 | B26: Субвенции на осуществление государственных полномочий Республики Мордовия по определению перечня должностных лиц, уполномоченных составлять протоколы об административных правонарушениях, предусмотренных Законом Республики Мордовия от 15 июня 2015 года № 38-З "Об административной ответственности на территории Республики Мордовия" | C26: 0.2 | D26: 0.2 | E26: 0.2
A27: 91620235118100000150 | B27: Субвенции бюджетам сельских поселений на осуществление первичного воинского учета на территориях, где отсутствуют военные комиссариаты | C27: 87.4 | D27: 90.1 | E27: 90.1
A28: 00020240000000000150 | B28: Иные межбюджетные трансферты | C28: =SUM(C29) -> 377.2 | D28: =SUM(D29) -> 382.4 | E28: =SUM(E29) -> 403.9
A29: 91620240014100000150 | B29: Межбюджетные трансферты, передаваемые бюджетам сельских поселений из бюджетов муниципальных районов на осуществление части полномочий по решению вопросов местного значения в соответствии с заключенными соглашениями | C29: =351.8+25.4 -> 377.2 | D29: =357+25.4 -> 382.4 | E29: =378.5+25.4 -> 403.9

Sheet Прил 4
J1: Приложение 4 к решению Совета депутатов Латышовского сельского поселения "О бюджете Латышовского сельского поселения Кадошкинского муниципального района Республики Мордовия на 2022 год и на плановый период 2023 и 2024 годов"
A2: ВЕДОМСТВЕННАЯ СТРУКТУРА РАСХОДОВ БЮДЖЕТА ЛАТЫШОВСКОГО СЕЛЬСКОГО ПОСЕЛЕНИЯ КАДОШКИНСКОГО МУНИЦИПАЛЬНОГО РАЙОНА РЕСПУБЛИКИ МОРДОВИЯ НА 2022 ГОД И НА ПЛАНОВЫЙ ПЕРИОД 2023 И 2024 ГОДОВ
L3: (тыс. рублей)
A4: Наименование | B4: Адм | C4: Рз | D4: Прз | E4: Цср | I4: Вр | J4: Сумма
J5: 2022 год | K5: 2023 год | L5: 2024 год
A6: 1 | B6: 2 | C6: 3 | D6: 4 | E6: 5 | F6: 6 | G6: 7 | H6: 8 | I6: 9 | J6: 10 | K6: 11 | L6: 12
A7: ВСЕГО | J7: =J8 -> 1603.8 | K7: =K8 -> 1377.7 | L7: =L8 -> 1413.2
A8: Администрация Латышовского сельского поселения Кадошкинского муниципального района Республики Мордовия | B8: 916 | J8: =J9+J49+J64+J71+J87+J94+J58 -> 1603.8 | K8: =K9+K49+K64+K71+K87+K94+K58+K101 -> 1377.7 | L8: =L9+L49+L64+L71+L87+L94+L58+L101 -> 1413.2
A9: Общегосударственные вопросы | B9: 916 | C9: 01 | J9: =J10+J19+J38+J44 -> 820.6 | K9: =K10+K19+K38+K44 -> 678.6 | L9: =L10+L19+L38+L44 -> 641.4
A10: Функционирование высшего должностного лица субъекта Российской Федерации и муниципального образования | B10: 916 | C10: 01 | D10: 02 | J10: =J11 -> 347.5 | K10: =K11 -> 231.8 | L10: =L11 -> 206.7
A11: Обеспечение деятельности администрации | B11: 916 | C11: 01 | D11: 02 | E11: 65 | J11: =J12 -> 347.5 | K11: =K12 -> 231.8 | L11: =L12 -> 206.7
A12: Высшее должностное лицо | B12: 916 | C12: 01 | D12: 02 | E12: 65 | F12: 1 | J12: =J13+J16 -> 347.5 | K12: =K13+K16 -> 231.8 | L12: =L13+L16 -> 206.7
A13: Расходы на выплаты по оплате труда высшего должностного лица | B13: 916 | C13: 01 | D13: 02 | E13: 65 | F13: 1 | G13: 00 | H13: 41150 | J13: =J14 -> 347.5 | K13: =K14 -> 231.8 | L13: =L14 -> 206.7
A14: Расходы на выплаты персоналу в целях обеспечения выполнения функций государственными (муниципальными) органами, казенными учреждениями, органами управления государственными внебюджетными фондами | B14: 916 | C14: 01 | D14: 02 | E14: 65 | F14: 1 | G14: 00 | H14: 41150 | I14: 100 | J14: =J15 -> 347.5 | K14: =K15 -> 231.8 | L14: =L15 -> 206.7
A15: Расходы на выплаты персоналу государственных (муниципальных) органов | B15: 916 | C15: 01 | D15: 02 | E15: 65 | F15: 1 | G15: 00 | H15: 41150 | I15: 120 | J15: 347.5 | K15: 231.8 | L15: 206.7
A16: Субсидии на софинансирование расходных обязательств по финансовому обеспечению деятельности органов местного самоуправления и муниципальных учреждений | B16: 916 | C16: 01 | D16: 02 | E16: 65 | F16: 1 | G16: 00 | H16: 44205 | J16: =J17 -> 0 | K16: =K17 -> 0 | L16: =L17 -> 0
A17: Расходы на выплаты персоналу в целях обеспечения выполнения функций государственными (муниципальными) органами, казенными учреждениями, органами управления государственными внебюджетными фондами | B17: 916 | C17: 01 | D17: 02 | E17: 65 | F17: 1 | G17: 00 | H17: 44205 | I17: 100 | J17: =J18 -> 0 | K17: =K18 -> 0 | L17: =L18 -> 0
A18: Расходы на выплаты персоналу государственных (муниципальных) органов | B18: 916 | C18: 01 | D18: 02 | E18: 65 | F18: 1 | G18: 00 | H18: 44205 | I18: 120 | J18: 0 | K18: 0 | L18: 0
A19: Функционирование Правительства Российской Федерации, высших органов исполнительной власти субъектов Российской Федерации, местных администраций | B19: 916 | C19: 01 | D19: 04 | J19: =J20+J33 -> 471.1 | K19: =K20+K33 -> 445.8 | L19: =L20+L33 -> 433.7
A20: Обеспечение деятельности администрации | B20: 916 | C20: 01 | D20: 04 | E20: 65 | J20: =J21 -> 470.9 | K20: =K21 -> 445.6 | L20: =L21 -> 433.5
A21: Непрограммные расходы в рамках обеспечения деятельности администрации | B21: 916 | C21: 01 | D21: 04 | E21: 65 | F21: 2 | J21: =J22+J25+J30 -> 470.9 | K21: =K22+K25+K30 -> 445.6 | L21: =L22+L25+L30 -> 433.5
A22: Расходы на выплаты по оплате труда работников органов местного самоуправления | B22: 916 | C22: 01 | D22: 04 | E22: 65 | F22: 2 | G22: 00 | H22: 41110 | J22: =J23 -> 344.4 | K22: =K23 -> 320.5 | L22: =L23 -> 295.7
A23: Расходы на выплаты персоналу в целях обеспечения выполнения функций государственными (муниципальными) органами, казенными учреждениями, органами управления государственными внебюджетными фондами | B23: 916 | C23: 01 | D23: 04 | E23: 65 | F23: 2 | G23: 00 | H23: 41110 | I23: 100 | J23: =J24 -> 344.4 | K23: =K24 -> 320.5 | L23: =L24 -> 295.7
A24: Расходы на выплаты персоналу государственных (муниципальных) органов | B24: 916 | C24: 01 | D24: 04 | E24: 65 | F24: 2 | G24: 00 | H24: 41110 | I24: 120 | J24: 344.4 | K24: 320.5 | L24: 295.7
A25: Расходы на обеспечение функций органов местного самоуправления | B25: 916 | C25: 01 | D25: 04 | E25: 65 | F25: 2 | G25: 00 | H25: 41120 | J25: =J26+J28 -> 126.5 | K25: =K26+K28 -> 125.1 | L25: =L26+L28 -> 137.8
A26: Закупка товаров, работ и услуг для обеспечения государственных (муниципальных) нужд | B26: 916 | C26: 01 | D26: 04 | E26: 65 | F26: 2 | G26: 00 | H26: 41120 | I26: 200 | J26: =J27 -> 60.7 | K26: =K27 -> 60 | L26: =L27 -> 72
A27: Иные закупки товаров, работ и услуг для обеспечения государственных (муниципальных) нужд | B27: 916 | C27: 01 | D27: 04 | E27: 65 | F27: 2 | G27: 00 | H27: 41120 | I27: 240 | J27: 60.7 | K27: 60 | L27: 72
A28: Иные бюджетные ассигнования | B28: 916 | C28: 01 | D28: 04 | E28: 65 | F28: 2 | G28: 00 | H28: 41120 | I28: 800 | J28: =J29 -> 65.8 | K28: =K29 -> 65.1 | L28: =L29 -> 65.8
A29: Уплата налогов, сборов и иных платежей | B29: 916 | C29: 01 | D29: 04 | E29: 65 | F29: 2 | G29: 00 | H29: 41120 | I29: 850 | J29: 65.8 | K29: 65.1 | L29: 65.8
A30: Субсидии на софинансирование расходных обязательств по финансовому обеспечению деятельности органов местного самоуправления и муниципальных учреждений | B30: 916 | C30: 01 | D30: 04 | E30: 65 | F30: 2 | G30: 00 | H30: 44205 | J30: =J31 -> 0 | K30: =K31 -> 0 | L30: =L31 -> 0
A31: Расходы на выплаты персоналу в целях обеспечения выполнения функций государственными (муниципальными) органами, казенными учреждениями, органами управления государственными внебюджетными фондами | B31: 916 | C31: 01 | D31: 04 | E31: 65 | F31: 2 | G31: 00 | H31: 44205 | I31: 100 | J31: =J32 -> 0 | K31: =K32 -> 0 | L31: =L32 -> 0
A32: Расходы на выплаты персоналу государственных (муниципальных) органов | B32: 916 | C32: 01 | D32: 04 | E32: 65 | F32: 2 | G32: 00 | H32: 44205 | I32: 120 | J32: 0 | K32: 0 | L32: 0
A33: Непрограммные расходы главных распорядителей средств бюджета Латышовского сельского поселения Кадошкинского муниципального района Республики Мордовия | B33: 916 | C33: 01 | D33: 04 | E33: 89 | J33: =J34 -> 0.2 | K33: =K34 -> 0.2 | L33: =L34 -> 0.2
A34: Непрограммные расходы в рамках обеспечения деятельности главных распорядителей средств бюджета Латышовского сельского поселения Кадошкинского муниципального района Республики Мордовия | B34: 916 | C34: 01 | D34: 04 | E34: 89 | F34: 1 | J34: =J35 -> 0.2 | K34: =K35 -> 0.2 | L34: =L35 -> 0.2
A35: Осуществление государственных полномочий Республики Мордовия по определению перечня должностных лиц, уполномоченных составлять протоколы об административных правонарушениях, предусмотренных Законом Республики Мордовия от 15 июня 2015 года № 38-З "Об административной ответственности на территории Республики Мордовия" | B35: 916 | C35: 01 | D35: 04 | E35: 89 | F35: 1 | G35: 00 | H35: 77150 | J35: =J36 -> 0.2 | K35: =K36 -> 0.2 | L35: =L36 -> 0.2
A36: Закупка товаров, работ и услуг для обеспечения государственных (муниципальных) нужд | B36: 916 | C36: 01 | D36: 04 | E36: 89 | F36: 1 | G36: 00 | H36: 77150 | I36: 200 | J36: =J37 -> 0.2 | K36: =K37 -> 0.2 | L36: =L37 -> 0.2
A37: Иные закупки товаров, работ и услуг для обеспечения государственных (муниципальных) нужд | B37: 916 | C37: 01 | D37: 04 | E37: 89 | F37: 1 | G37: 00 | H37: 77150 | I37: 240 | J37: 0.2 | K37: 0.2 | L37: 0.2
A38: Резервные фонды | B38: 916 | C38: 01 | D38: 11 | J38: =J39 -> 1 | K38: =K39 -> 1 | L38: =L39 -> 1
A39: Непрограммные расходы главных распорядителей средств бюджета Латышовского сельского поселения Кадошкинского муниципального района Республики Мордовия | B39: 916 | C39: 01 | D39: 11 | E39: 89 | J39: =J40 -> 1 | K39: =K40 -> 1 | L39: =L40 -> 1
A40: Непрограммные расходы в рамках обеспечения деятельности главных распорядителей средств бюджета Латышовского сельского поселения Кадошкинского муниципального района Республики Мордовия | B40: 916 | C40: 01 | D40: 11 | E40: 89 | F40: 1 | J40: =J41 -> 1 | K40: =K41 -> 1 | L40: =L41 -> 1
A41: Резервный фонд администрации Латышовского сельского поселения Кадошкинского муниципального района Республики Мордовия | B41: 916 | C41: 01 | D41: 11 | E41: 89 | F41: 1 | G41: 00 | H41: 41180 | J41: =J42 -> 1 | K41: =K42 -> 1 | L41: =L42 -> 1
A42: Иные бюджетные ассигнования | B42: 916 | C42: 01 | D42: 11 | E42: 89 | F42: 1 | G42: 00 | H42: 41180 | I42: 800 | J42: =J43 -> 1 | K42: =K43 -> 1 | L42: =L43 -> 1
A43: Резервные средства | B43: 916 | C43: 01 | D43: 11 | E43: 89 | F43: 1 | G43: 00 | H43: 41180 | I43: 870 | J43: 1 | K43: 1 | L43: 1
A44: Другие общегосударственные вопросы | B44: 916 | C44: 01 | D44: 13 | J44: =J45 -> 1 | K44: =K45 -> 0 | L44: =L45 -> 0
A45: Программа "Развитие муниципальной службы в Латышовском сельском поселении на 2019-2022 годы" | B45: 916 | C45: 01 | D45: 13 | E45: 01 | J45: =J46 -> 1 | K45: =K46 -> 0 | L45: =L46 -> 0
A46: Подготовка, переподготовка и повышение квалификации кадров | B46: 916 | C46: 01 | D46: 13 | E46: 01 | F46: 0 | G46: 00 | H46: 41250 | J46: =J47 -> 1 | K46: =K47 -> 0 | L46: =L47 -> 0
A47: Закупка товаров, работ и услуг для обеспечения государственных (муниципальных) нужд | B47: 916 | C47: 01 | D47: 13 | E47: 01 | F47: 0 | G47: 00 | H47: 41250 | I47: 200 | J47: =J48 -> 1 | K47: =K48 -> 0 | L47: =L48 -> 0
A48: Иные закупки товаров, работ и услуг для обеспечения государственных (муниципальных) нужд | B48: 916 | C48: 01 | D48: 13 | E48: 01 | F48: 0 | G48: 00 | H48: 41250 | I48: 240 | J48: 1 | K48: 0 | L48: 0
A49: Национальная оборона | B49: 916 | C49: 02 | J49: =J50 -> 87.4 | K49: =K50 -> 90.1 | L49: =L50 -> 90.1
A50: Мобилизационная и вневойсковая подготовка | B50: 916 | C50: 02 | D50: 03 | J50: =J53 -> 87.4 | K50: =K53 -> 90.1 | L50: =L53 -> 90.1
A51: Непрограммные расходы главных распорядителей средств бюджета Латышовского сельского поселения Кадошкинского муниципального района Республики Мордовия | B51: 916 | C51: 02 | D51: 03 | E51: 89 | J51: =J52 -> 87.4 | K51: =K52 -> 90.1 | L51: =L52 -> 90.1
A52: Непрограммные расходы в рамках обеспечения деятельности главных распорядителей средств бюджета Латышовского сельского поселения Кадошкинского муниципального района Республики Мордовия | B52: 916 | C52: 02 | D52: 03 | E52: 89 | F52: 1 | J52: =J53 -> 87.4 | K52: =K53 -> 90.1 | L52: =L53 -> 90.1
A53: Осуществление государственных полномочий Российской Федерации о первичному воинскому учету на территориях, где отсутствуют военные комиссариаты | B53: 916 | C53: 02 | D53: 03 | E53: 89 | F53: 1 | G53: 00 | H53: 51180 | J53: =J54+J56 -> 87.4 | K53: =K54+K56 -> 90.1 | L53: =L54+L56 -> 90.1
A54: Расходы на выплаты персоналу в целях обеспечения выполнения функций государственными (муниципальными) органами, казенными учреждениями, органами управления государственными внебюджетными фондами | B54: 916 | C54: 02 | D54: 03 | E54: 89 | F54: 1 | G54: 00 | H54: 51180 | I54: 100 | J54: =J55 -> 83.4 | K54: =K55 -> 86.1 | L54: =L55 -> 86.1
A55: Расходы на выплаты персоналу государственных (муниципальных) органов | B55: 916 | C55: 02 | D55: 03 | E55: 89 | F55: 1 | G55: 00 | H55: 51180 | I55: 120 | J55: 83.4 | K55: 86.1 | L55: 86.1
A56: Закупка товаров, работ и услуг для обеспечения государственных (муниципальных) нужд | B56: 916 | C56: 02 | D56: 03 | E56: 89 | F56: 1 | G56: 00 | H56: 51180 | I56: 200 | J56: =J57 -> 4 | K56: =K57 -> 4 | L56: =L57 -> 4
A57: Иные закупки товаров, работ и услуг для обеспечения государственных (муниципальных) нужд | B57: 916 | C57: 02 | D57: 03 | E57: 89 | F57: 1 | G57: 00 | H57: 51180 | I57: 240 | J57: 4 | K57: 4 | L57: 4
A58: Национальная безопасность и правоохранительная деятельность | B58: 916 | C58: 03 | J58: =J59 -> 1 | K58: =K59 -> 1 | L58: =L59 -> 1
A59: Другие вопросы в области национальной безопасности и правоохранительной деятельности | B59: 916 | C59: 03 | D59: 14 | J59: =J60 -> 1 | K59: =K60 -> 1 | L59: =L60 -> 1
A60: Целевая программа "Профилактика наркомании и токсикомании на территории Латышовского сельского поселения на 2019-2024 годы" | B60: 916 | C60: 03 | D60: 14 | E60: 20 | J60: =J61 -> 1 | K60: =K61 -> 1 | L60: =L61 -> 1
A61: Мероприятия в области противодействия злоупотреблению наркотиками и их незаконному обороту | B61: 916 | C61: 03 | D61: 14 | E61: 20 | F61: 0 | G61: 00 | H61: 42100 | J61: =J62 -> 1 | K61: =K62 -> 1 | L61: =L62 -> 1
A62: Закупка товаров, работ и услуг для обеспечения государственных (муниципальных) нужд | B62: 916 | C62: 03 | D62: 14 | E62: 20 | F62: 0 | G62: 00 | H62: 42100 | I62: 200 | J62: =J63 -> 1 | K62: =K63 -> 1 | L62: =L63 -> 1
A63: Иные закупки товаров, работ и услуг для обеспечения государственных (муниципальных) нужд | B63: 916 | C63: 03 | D63: 14 | E63: 20 | F63: 0 | G63: 00 | H63: 42100 | I63: 240 | J63: 1 | K63: 1 | L63: 1
A64: Национальная экономика | B64: 916 | C64: 04 | J64: =J65 -> 351.8 | K64: =K65 -> 357 | L64: =L65 -> 378.5
A65: Дорожное хозяйство (дорожные фонды) | B65: 916 | C65: 04 | D65: 09 | J65: =J66 -> 351.8 | K65: =K66 -> 357 | L65: =L66 -> 378.5
A66: Непрограммные расходы главных распорядителей средств бюджета Латышовского сельского поселения Кадошкинского муниципального района Республики Мордовия | B66: 916 | C66: 04 | D66: 09 | E66: 89 | J66: =J68 -> 351.8 | K66: =K68 -> 357 | L66: =L68 -> 378.5
A67: Непрограммные расходы в рамках обеспечения деятельности главных распорядителей средств бюджета Латышовского сельского поселения Кадошкинского муниципального района Республики Мордовия | B67: 916 | C67: 04 | D67: 09 | E67: 89 | F67: 1
A68: Иные межбюджетные трансферты на осуществление полномочий по дорожной деятельности в отношении автомобильных дорог местного значения в границах населенных пунктов поселения и обеспечению безопасности дорожного движения на них, включая создание и обеспечение функционирования парковок (парковочных мест), осуществлению муниципального контроля за сохранностью автомобильных дорог местного значения в границах населенных пунктов поселения, организации дорожного движения, а также осуществлению иных полномочий в области использования автомобильных дорог и осуществления дорожной деятельности в соответствии с законодательством Российской Федерации | B68: 916 | C68: 04 | D68: 09 | E68: 89 | F68: 1 | G68: 00 | H68: 44102 | J68: =J69 -> 351.8 | K68: =K69 -> 357 | L68: =L69 -> 378.5
A69: Закупка товаров, работ и услуг для обеспечения государственных (муниципальных) нужд | B69: 916 | C69: 04 | D69: 09 | E69: 89 | F69: 1 | G69: 00 | H69: 44102 | I69: 200 | J69: =J70 -> 351.8 | K69: =K70 -> 357 | L69: =L70 -> 378.5
A70: Иные закупки товаров, работ и услуг для обеспечения государственных (муниципальных) нужд | B70: 916 | C70: 04 | D70: 09 | E70: 89 | F70: 1 | G70: 00 | H70: 44102 | I70: 240 | J70: 351.8 | K70: 357 | L70: 378.5
A71: Жилищно-коммунальное хозяйство | B71: 916 | C71: 05 | J71: =J72+J78 -> 165.7 | K71: =K72+K78 -> 67.4 | L71: =L72+L78 -> 118.6
A72: Коммунальное хозяйство | B72: 916 | C72: 05 | D72: 02 | J72: =J73 -> 25.4 | K72: =K73 -> 25.4 | L72: =L73 -> 25.4
A73: Непрограммные расходы главных распорядителей средств бюджета Латышовского сельского поселения Кадошкинского муниципального района Республики Мордовия | B73: 916 | C73: 05 | D73: 02 | E73: 89 | J73: =J74 -> 25.4 | K73: =K74 -> 25.4 | L73: =L74 -> 25.4
A74: Непрограммные расходы в рамках обеспечения деятельности главных распорядителей средств бюджета Латышовского сельского поселения Кадошкинского муниципального района Республики Мордовия | B74: 916 | C74: 05 | D74: 02 | E74: 89 | F74: 1 | J74: =J75 -> 25.4 | K74: =K75 -> 25.4 | L74: =L75 -> 25.4
A75: Иные межбюджетные трансферты на осуществление полномочий по организации в границах поселения электро-, тепло-, газо- и водоснабжения населения, водоотведения, снабжения населения топливом в пределах полномочий, установленных законодательством Российской Федерации | B75: 916 | C75: 05 | D75: 02 | E75: 89 | F75: 1 | G75: 00 | H75: 44101 | J75: =J76 -> 25.4 | K75: =K76 -> 25.4 | L75: =L76 -> 25.4
A76: Закупка товаров, работ и услуг для обеспечения государственных (муниципальных) нужд | B76: 916 | C76: 05 | D76: 02 | E76: 89 | F76: 1 | G76: 00 | H76: 44101 | I76: 200 | J76: =J77 -> 25.4 | K76: =K77 -> 25.4 | L76: =L77 -> 25.4
A77: Иные закупки товаров, работ и услуг для обеспечения государственных (муниципальных) нужд | B77: 916 | C77: 05 | D77: 02 | E77: 89 | F77: 1 | G77: 00 | H77: 44101 | I77: 240 | J77: 25.4 | K77: 25.4 | L77: 25.4
A78: Благоустройство | B78: 916 | C78: 05 | D78: 03 | J78: =J79 -> 140.3 | K78: =K79 -> 42 | L78: =L79 -> 93.2
A79: Непрограммные расходы главных распорядителей средств бюджета Латышовского сельского поселения Кадошкинского муниципального района Республики Мордовия | B79: 916 | C79: 05 | D79: 03 | E79: 89 | J79: =J80 -> 140.3 | K79: =K80 -> 42 | L79: =L80 -> 93.2
A80: Непрограммные расходы в рамках обеспечения деятельности главных распорядителей средств бюджета Латышовского сельского поселения Кадошкинского муниципального района Республики Мордовия | B80: 916 | C80: 05 | D80: 03 | E80: 89 | F80: 1 | J80: =J81+J84 -> 140.3 | K80: =K81+K84 -> 42 | L80: =L81+L84 -> 93.2
A81: Уличное освещение | B81: 916 | C81: 05 | D81: 03 | E81: 89 | F81: 1 | G81: 00 | H81: 43010 | J81: =J82 -> 97.1 | K81: =K82 -> 35.7 | L81: =L82 -> 73
A82: Закупка товаров, работ и услуг для обеспечения государственных (муниципальных) нужд | B82: 916 | C82: 05 | D82: 03 | E82: 89 | F82: 1 | G82: 00 | H82: 43010 | I82: 200 | J82: =J83 -> 97.1 | K82: =K83 -> 35.7 | L82: =L83 -> 73
A83: Иные закупки товаров, работ и услуг для обеспечения государственных (муниципальных) нужд | B83: 916 | C83: 05 | D83: 03 | E83: 89 | F83: 1 | G83: 00 | H83: 43010 | I83: 240 | J83: 97.1 | K83: 35.7 | L83: 73
A84: Прочие мероприятия по благоустройству | B84: 916 | C84: 05 | D84: 03 | E84: 89 | F84: 1 | G84: 00 | H84: 43040 | J84: =J85 -> 43.2 | K84: =K85 -> 6.3 | L84: =L85 -> 20.2
A85: Закупка товаров, работ и услуг для обеспечения государственных (муниципальных) нужд | B85: 916 | C85: 05 | D85: 03 | E85: 89 | F85: 1 | G85: 00 | H85: 43040 | I85: 200 | J85: =J86 -> 43.2 | K85: =K86 -> 6.3 | L85: =L86 -> 20.2
A86: Иные закупки товаров, работ и услуг для обеспечения государственных (муниципальных) нужд | B86: 916 | C86: 05 | D86: 03 | E86: 89 | F86: 1 | G86: 00 | H86: 43040 | I86: 240 | J86: 43.2 | K86: 6.3 | L86: 20.2
A87: Социальная политика | B87: 916 | C87: 10 | J87: =J88 -> 176.6 | K87: =K88 -> 150.8 | L87: =L88 -> 116.9
A88: Пенсионное обеспечение | B88: 916 | C88: 10 | D88: 01 | J88: =J89 -> 176.6 | K88: =K89 -> 150.8 | L88: =L89 -> 116.9
A89: Непрограммные расходы главных распорядителей средств бюджета Латышовского сельского поселения Кадошкинского муниципального района Республики Мордовия | B89: 916 | C89: 10 | D89: 01 | E89: 89 | J89: =J90 -> 176.6 | K89: =K90 -> 150.8 | L89: =L90 -> 116.9
A90: Непрограммные расходы в рамках обеспечения деятельности главных распорядителей средств бюджета Латышовского сельского поселения Кадошкинского муниципального района Республики Мордовия | B90: 916 | C90: 10 | D90: 01 | E90: 89 | F90: 1 | J90: =J91 -> 176.6 | K90: =K91 -> 150.8 | L90: =L91 -> 116.9
A91: Доплаты к пенсиям муниципальных служащих Республики Мордовия | B91: 916 | C91: 10 | D91: 01 | E91: 89 | F91: 1 | G91: 00 | H91: 03010 | J91: =J92 -> 176.6 | K91: =K92 -> 150.8 | L91: =L92 -> 116.9
A92: Социальное обеспечение и иные выплаты населению | B92: 916 | C92: 10 | D92: 01 | E92: 89 | F92: 1 | G92: 00 | H92: 03010 | I92: 300 | J92: =J93 -> 176.6 | K92: =K93 -> 150.8 | L92: =L93 -> 116.9
A93: Публичные нормативные социальные выплаты гражданам | B93: 916 | C93: 10 | D93: 01 | E93: 89 | F93: 1 | G93: 00 | H93: 03010 | I93: 310 | J93: 176.6 | K93: =182.9-K107 -> 150.8 | L93: =182.9-L107 -> 116.9
A94: Обслуживание государственного и муниципального долга | B94: 916 | C94: 13 | J94: =J95 -> 0.7 | K94: =K95 -> 0.7 | L94: =L95 -> 0.7
A95: Обслуживание государственного внутреннего и муниципального долга | B95: 916 | C95: 13 | D95: 01 | J95: =J96 -> 0.7 | K95: =K96 -> 0.7 | L95: =L96 -> 0.7
A96: Непрограммные расходы главных распорядителей средств бюджета Латышовского сельского поселения Кадошкинского муниципального района Республики Мордовия | B96: 916 | C96: 13 | D96: 01 | E96: 89 | J96: =J97 -> 0.7 | K96: =K97 -> 0.7 | L96: =L97 -> 0.7
A97: Непрограммные расходы в рамках обеспечения деятельности главных распорядителей средств бюджета Латышовского сельского поселения Кадошкинского муниципального района Республики Мордовия | B97: 916 | C97: 13 | D97: 01 | E97: 89 | F97: 1 | J97: =J98 -> 0.7 | K97: =K98 -> 0.7 | L97: =L98 -> 0.7
A98: Процентные платежи по муниципальному долгу | B98: 916 | C98: 13 | D98: 01 | E98: 89 | F98: 1 | G98: 00 | H98: 41240 | J98: =J99 -> 0.7 | K98: =K99 -> 0.7 | L98: =L99 -> 0.7
A99: Обслуживание государственного (муниципального) долга | B99: 916 | C99: 13 | D99: 01 | E99: 89 | F99: 1 | G99: 00 | H99: 41240 | I99: 700 | J99: =J100 -> 0.7 | K99: =K100 -> 0.7 | L99: =L100 -> 0.7
A100: Обслуживание муниципального долга | B100: 916 | C100: 13 | D100: 01 | E100: 89 | F100: 1 | G100: 00 | H100: 41240 | I100: 730 | J100: 0.7 | K100: 0.7 | L100: 0.7
...

Sheet Прил 5 
I1: Приложение 5 к решению Совета депутатов Латышовского сельского поселения "О бюджете Латышовского сельского поселения Кадошкинского муниципального района Республики Мордовия на 2022 год и на плановый период 2023 и 2024 годов"
A2: РАСПРЕДЕЛЕНИЕ БЮДЖЕТНЫХ АССИГНОВАНИЙ БЮДЖЕТА ЛАТЫШОВСКОГО СЕЛЬСКОГО ПОСЕЛЕНИЯ КАДОШКИНСКОГО МУНИЦИПАЛЬНОГО РАЙОНА РЕСПУБЛИКИ МОРДОВИЯ ПО РАЗДЕЛАМ, ПОДРАЗДЕЛАМ, ЦЕЛЕВЫМ СТАТЬЯМ (МУНИЦИПАЛЬНЫМ ПРОГРАММАМ И НЕПРОГРАММНЫМ НАПРАВЛЕНИЯМ ДЕЯТЕЛЬНОСТИ), ГРУППАМ И ПОДГРУППАМ ВИДОВ РАСХОДОВ КЛАССИФИКАЦИИ РАСХОДОВ БЮДЖЕТОВ НА 2022 ГОД И НА ПЛАНОВЫЙ ПЕРИОД 2023 И 2024 ГОДОВ
K3: (тыс. рублей)
A4: Наименование | B4: Рз | C4: Прз | D4: Цср | H4: Вр | I4: Сумма
I5: 2022 год | J5: 2023 год | K5: 2024 год
A6: 1 | B6: 2 | C6: 3 | D6: 4 | E6: 5 | F6: 6 | G6: 7 | H6: 8 | I6: 9 | J6: 10 | K6: 11
A7: ВСЕГО | I7: =I8+I48+I63+I70+I86+I93+I57 -> 1603.8 | J7: =J8+J48+J63+J70+J86+J93+J57+J100 -> 1377.7 | K7: =K8+K48+K63+K70+K86+K93+K57+K100 -> 1413.2
A8: Общегосударственные вопросы | B8: 01 | I8: =I9+I18+I37+I43 -> 820.6 | J8: =J9+J18+J37+J43 -> 678.6 | K8: =K9+K18+K37+K43 -> 641.4
A9: Функционирование высшего должностного лица субъекта Российской Федерации и муниципального образования | B9: 01 | C9: 02 | I9: =I10 -> 347.5 | J9: =J10 -> 231.8 | K9: =K10 -> 206.7
A10: Обеспечение деятельности администрации | B10: 01 | C10: 02 | D10: 65 | I10: =I11 -> 347.5 | J10: =J11 -> 231.8 | K10: =K11 -> 206.7
A11: Высшее должностное лицо | B11: 01 | C11: 02 | D11: 65 | E11: 1 | I11: =I12+I15 -> 347.5 | J11: =J12+J15 -> 231.8 | K11: =K12+K15 -> 206.7
A12: Расходы на выплаты по оплате труда высшего должностного лица | B12: 01 | C12: 02 | D12: 65 | E12: 1 | F12: 00 | G12: 41150 | I12: =I13 -> 347.5 | J12: =J13 -> 231.8 | K12: =K13 -> 206.7
A13: Расходы на выплаты персоналу в целях обеспечения выполнения функций государственными (муниципальными) органами, казенными учреждениями, органами управления государственными внебюджетными фондами | B13: 01 | C13: 02 | D13: 65 | E13: 1 | F13: 00 | G13: 41150 | H13: 100 | I13: =I14 -> 347.5 | J13: =J14 -> 231.8 | K13: =K14 -> 206.7
A14: Расходы на выплаты персоналу государственных (муниципальных) органов | B14: 01 | C14: 02 | D14: 65 | E14: 1 | F14: 00 | G14: 41150 | H14: 120 | I14: ='Прил 4'!J15 -> 347.5 | J14: ='Прил 4'!K15 -> 231.8 | K14: ='Прил 4'!L15 -> 206.7
A15: Субсидии на софинансирование расходных обязательств по финансовому обеспечению деятельности органов местного самоуправления и муниципальных учреждений | B15: 01 | C15: 02 | D15: 65 | E15: 1 | F15: 00 | G15: 44205 | I15: =I16 -> 0 | J15: =J16 -> 0 | K15: =K16 -> 0
A16: Расходы на выплаты персоналу в целях обеспечения выполнения функций государственными (муниципальными) органами, казенными учреждениями, органами управления государственными внебюджетными фондами | B16: 01 | C16: 02 | D16: 65 | E16: 1 | F16: 00 | G16: 44205 | H16: 100 | I16: =I17 -> 0 | J16: =J17 -> 0 | K16: =K17 -> 0
A17: Расходы на выплаты персоналу государственных (муниципальных) органов | B17: 01 | C17: 02 | D17: 65 | E17: 1 | F17: 00 | G17: 44205 | H17: 120 | I17: ='Прил 4'!J18 -> 0 | J17: ='Прил 4'!K18 -> 0 | K17: ='Прил 4'!L18 -> 0
A18: Функционирование Правительства Российской Федерации, высших органов исполнительной власти субъектов Российской Федерации, местных администраций | B18: 01 | C18: 04 | I18: =I19+I32 -> 471.1 | J18: =J19+J32 -> 445.8 | K18: =K19+K32 -> 433.7
A19: Обеспечение деятельности администрации | B19: 01 | C19: 04 | D19: 65 | I19: =I20 -> 470.9 | J19: =J20 -> 445.6 | K19: =K20 -> 433.5
A20: Непрограммные расходы в рамках обеспечения деятельности администрации | B20: 01 | C20: 04 | D20: 65 | E20: 2 | I20: =I21+I24+I29 -> 470.9 | J20: =J21+J24+J29 -> 445.6 | K20: =K21+K24+K29 -> 433.5
A21: Расходы на выплаты по оплате труда работников органов местного самоуправления | B21: 01 | C21: 04 | D21: 65 | E21: 2 | F21: 00 | G21: 41110 | I21: =I22 -> 344.4 | J21: =J22 -> 320.5 | K21: =K22 -> 295.7
A22: Расходы на выплаты персоналу в целях обеспечения выполнения функций государственными (муниципальными) органами, казенными учреждениями, органами управления государственными внебюджетными фондами | B22: 01 | C22: 04 | D22: 65 | E22: 2 | F22: 00 | G22: 41110 | H22: 100 | I22: =I23 -> 344.4 | J22: =J23 -> 320.5 | K22: =K23 -> 295.7
A23: Расходы на выплаты персоналу государственных (муниципальных) органов | B23: 01 | C23: 04 | D23: 65 | E23: 2 | F23: 00 | G23: 41110 | H23: 120 | I23: ='Прил 4'!J24 -> 344.4 | J23: ='Прил 4'!K24 -> 320.5 | K23: ='Прил 4'!L24 -> 295.7
A24: Расходы на обеспечение функций органов местного самоуправленя | B24: 01 | C24: 04 | D24: 65 | E24: 2 | F24: 00 | G24: 41120 | I24: =I25+I27 -> 126.5 | J24: =J25+J27 -> 125.1 | K24: =K25+K27 -> 137.8
A25: Закупка товаров, работ и услуг для обеспечения государственных (муниципальных) нужд | B25: 01 | C25: 04 | D25: 65 | E25: 2 | F25: 00 | G25: 41120 | H25: 200 | I25: =I26 -> 60.7 | J25: =J26 -> 60 | K25: =K26 -> 72
A26: Иные закупки товаров, работ и услуг для обеспечения государственных (муниципальных) нужд | B26: 01 | C26: 04 | D26: 65 | E26: 2 | F26: 00 | G26: 41120 | H26: 240 | I26: ='Прил 4'!J27 -> 60.7 | J26: ='Прил 4'!K27 -> 60 | K26: ='Прил 4'!L27 -> 72
A27: Иные бюджетные ассигнования | B27: 01 | C27: 04 | D27: 65 | E27: 2 | F27: 00 | G27: 41120 | H27: 800 | I27: =I28 -> 65.8 | J27: =J28 -> 65.1 | K27: =K28 -> 65.8
A28: Уплата налогов, сборов и иных платежей | B28: 01 | C28: 04 | D28: 65 | E28: 2 | F28: 00 | G28: 41120 | H28: 850 | I28: ='Прил 4'!J29 -> 65.8 | J28: ='Прил 4'!K29 -> 65.1 | K28: ='Прил 4'!L29 -> 65.8
A29: Субсидии на софинансирование расходных обязательств по финансовому обеспечению деятельности органов местного самоуправления и муниципальных учреждений | B29: 01 | C29: 04 | D29: 65 | E29: 2 | F29: 00 | G29: 44205 | I29: =I30 -> 0 | J29: =J30 -> 0 | K29: =K30 -> 0
A30: Расходы на выплаты персоналу в целях обеспечения выполнения функций государственными (муниципальными) органами, казенными учреждениями, органами управления государственными внебюджетными фондами | B30: 01 | C30: 04 | D30: 65 | E30: 2 | F30: 00 | G30: 44205 | H30: 100 | I30: =I31 -> 0 | J30: =J31 -> 0 | K30: =K31 -> 0
A31: Расходы на выплаты персоналу государственных (муниципальных) органов | B31: 01 | C31: 04 | D31: 65 | E31: 2 | F31: 00 | G31: 44205 | H31: 120 | I31: ='Прил 4'!J32 -> 0 | J31: ='Прил 4'!K32 -> 0 | K31: ='Прил 4'!L32 -> 0
A32: Непрограммные расходы главных распорядителей средств бюджета Латышовского сельского поселения Кадошкинского муниципального района Республики Мордовия | B32: 01 | C32: 04 | D32: 89 | I32: =I33 -> 0.2 | J32: =J33 -> 0.2 | K32: =K33 -> 0.2
A33: Непрограммные расходы в рамках обеспечения деятельности главных распорядителей средств бюджета Латышовского сельского поселения Кадошкинского муниципального района Республики Мордовия | B33: 01 | C33: 04 | D33: 89 | E33: 1 | I33: =I34 -> 0.2 | J33: =J34 -> 0.2 | K33: =K34 -> 0.2
A34: Осуществление государственных полномочий Республики Мордовия по определению перечня должностных лиц, уполномоченных составлять протоколы об административных правонарушениях, предусмотренных Законом Республики Мордовия от 15 июня 2015 года № 38-З "Об административной ответственности на территории Республики Мордовия" | B34: 01 | C34: 04 | D34: 89 | E34: 1 | F34: 00 | G34: 77150 | I34: =I35 -> 0.2 | J34: =J35 -> 0.2 | K34: =K35 -> 0.2
A35: Закупка товаров, работ и услуг для обеспечения государственных (муниципальных) нужд | B35: 01 | C35: 04 | D35: 89 | E35: 1 | F35: 00 | G35: 77150 | H35: 200 | I35: =I36 -> 0.2 | J35: =J36 -> 0.2 | K35: =K36 -> 0.2
A36: Иные закупки товаров, работ и услуг для обеспечения государственных (муниципальных) нужд | B36: 01 | C36: 04 | D36: 89 | E36: 1 | F36: 00 | G36: 77150 | H36: 240 | I36: ='Прил 4'!J37 -> 0.2 | J36: ='Прил 4'!K37 -> 0.2 | K36: ='Прил 4'!L37 -> 0.2
A37: Резервные фонды | B37: 01 | C37: 11 | I37: =I38 -> 1 | J37: =J38 -> 1 | K37: =K38 -> 1
A38: Непрограммные расходы главных распорядителей средств бюджета Латышовского сельского поселения Кадошкинского муниципального района Республики Мордовия | B38: 01 | C38: 11 | D38: 89 | I38: =I39 -> 1 | J38: =J39 -> 1 | K38: =K39 -> 1
A39: Непрограммные расходы в рамках обеспечения деятельности главных распорядителей средств бюджета Латышовского сельского поселения Кадошкинского муниципального района Республики Мордовия | B39: 01 | C39: 11 | D39: 89 | E39: 1 | I39: =I40 -> 1 | J39: =J40 -> 1 | K39: =K40 -> 1
A40: Резервный фонд администрации Латышовского сельского поселения Кадошкинского муниципального района Республики Мордовия | B40: 01 | C40: 11 | D40: 89 | E40: 1 | F40: 00 | G40: 41180 | I40: =I41 -> 1 | J40: =J41 -> 1 | K40: =K41 -> 1
A41: Иные бюджетные ассигнования | B41: 01 | C41: 11 | D41: 89 | E41: 1 | F41: 00 | G41: 41180 | H41: 800 | I41: =I42 -> 1 | J41: =J42 -> 1 | K41: =K42 -> 1
A42: Резервные средства | B42: 01 | C42: 11 | D42: 89 | E42: 1 | F42: 00 | G42: 41180 | H42: 870 | I42: ='Прил 4'!J43 -> 1 | J42: ='Прил 4'!K43 -> 1 | K42: ='Прил 4'!L43 -> 1
A43: Другие общегосударственные вопросы | B43: 01 | C43: 13 | I43: =I44 -> 1 | J43: =J44 -> 0 | K43: =K44 -> 0
A44: Программа "Развитие муниципальной службы в Латышовском сельском поселении на 2019-2022 годы" | B44: 01 | C44: 13 | D44: 01 | I44: =I45 -> 1 | J44: =J45 -> 0 | K44: =K45 -> 0
A45: Подготовка, переподготовка и повышение квалификации кадров | B45: 01 | C45: 13 | D45: 01 | E45: 0 | F45: 00 | G45: 41250 | I45: =I46 -> 1 | J45: =J46 -> 0 | K45: =K46 -> 0
A46: Закупка товаров, работ и услуг для обеспечения государственных (муниципальных) нужд | B46: 01 | C46: 13 | D46: 01 | E46: 0 | F46: 00 | G46: 41250 | H46: 200 | I46: =I47 -> 1 | J46: =J47 -> 0 | K46: =K47 -> 0
A47: Иные закупки товаров, работ и услуг для обеспечения государственных (муниципальных) нужд | B47: 01 | C47: 13 | D47: 01 | E47: 0 | F47: 00 | G47: 41250 | H47: 240 | I47: ='Прил 4'!J48 -> 1 | J47: ='Прил 4'!K48 -> 0 | K47: ='Прил 4'!L48 -> 0
A48: Национальная оборона | B48: 02 | I48: =I49 -> 87.4 | J48: =J49 -> 90.1 | K48: =K49 -> 90.1
A49: Мобилизационная и вневойсковая подготовка | B49: 02 | C49: 03 | I49: =I50 -> 87.4 | J49: =J50 -> 90.1 | K49: =K50 -> 90.1
A50: Непрограммные расходы главных распорядителей средств бюджета Латышовского сельского поселения Кадошкинского муниципального района Республики Мордовия | B50: 02 | C50: 03 | D50: 89 | I50: =I51 -> 87.4 | J50: =J51 -> 90.1 | K50: =K51 -> 90.1
A51: Непрограммные расходы в рамках обеспечения деятельности главных распорядителей средств бюджета Латышовского сельского поселения Кадошкинского муниципального района Республики Мордовия | B51: 02 | C51: 03 | D51: 89 | E51: 1 | I51: =I52 -> 87.4 | J51: =J52 -> 90.1 | K51: =K52 -> 90.1
A52: Осуществление первичного воинского учета на территориях, где отсутствуют военные комиссариаты | B52: 02 | C52: 03 | D52: 89 | E52: 1 | F52: 00 | G52: 51180 | I52: =I53+I55 -> 87.4 | J52: =J53+J55 -> 90.1 | K52: =K53+K55 -> 90.1
A53: Расходы на выплаты персоналу в целях обеспечения выполнения функций государственными (муниципальными) органами, казенными учреждениями, органами управления государственными внебюджетными фондами | B53: 02 | C53: 03 | D53: 89 | E53: 1 | F53: 00 | G53: 51180 | H53: 100 | I53: =I54 -> 83.4 | J53: =J54 -> 86.1 | K53: =K54 -> 86.1
A54: Расходы на выплаты персоналу государственных (муниципальных) органов | B54: 02 | C54: 03 | D54: 89 | E54: 1 | F54: 00 | G54: 51180 | H54: 120 | I54: ='Прил 4'!J55 -> 83.4 | J54: ='Прил 4'!K55 -> 86.1 | K54: ='Прил 4'!L55 -> 86.1
A55: Закупка товаров, работ и услуг для обеспечения государственных (муниципальных) нужд | B55: 02 | C55: 03 | D55: 89 | E55: 1 | F55: 00 | G55: 51180 | H55: 200 | I55: =I56 -> 4 | J55: =J56 -> 4 | K55: =K56 -> 4
A56: Иные закупки товаров, работ и услуг для обеспечения государственных (муниципальных) нужд | B56: 02 | C56: 03 | D56: 89 | E56: 1 | F56: 00 | G56: 51180 | H56: 240 | I56: ='Прил 4'!J57 -> 4 | J56: ='Прил 4'!K57 -> 4 | K56: ='Прил 4'!L57 -> 4
A57: Национальная безопасность и правоохранительная деятельность | B57: 03 | I57: =I58 -> 1 | J57: =J58 -> 1 | K57: =K58 -> 1
A58: Другие вопросы в области национальной безопасности и правоохранительной деятельности | B58: 03 | C58: 14 | I58: =I59 -> 1 | J58: =J59 -> 1 | K58: =K59 -> 1
A59: Целевая программа "Профилактика наркомании и токсикомании на территории Латышовского сельского поселения на 2019-2021 годы" | B59: 03 | C59: 14 | D59: 20 | I59: =I60 -> 1 | J59: =J60 -> 1 | K59: =K60 -> 1
A60: Мероприятия в области противодействия злоупотреблению наркотиками и их незаконному обороту | B60: 03 | C60: 14 | D60: 20 | E60: 0 | F60: 00 | G60: 42100 | I60: =I61 -> 1 | J60: =J61 -> 1 | K60: =K61 -> 1
A61: Закупка товаров, работ и услуг для обеспечения государственных (муниципальных) нужд | B61: 03 | C61: 14 | D61: 20 | E61: 0 | F61: 00 | G61: 42100 | H61: 200 | I61: =I62 -> 1 | J61: =J62 -> 1 | K61: =K62 -> 1
A62: Иные закупки товаров, работ и услуг для обеспечения государственных (муниципальных) нужд | B62: 03 | C62: 14 | D62: 20 | E62: 0 | F62: 00 | G62: 42100 | H62: 240 | I62: ='Прил 4'!J63 -> 1 | J62: ='Прил 4'!K63 -> 1 | K62: ='Прил 4'!L63 -> 1
A63: Национальная экономика | B63: 04 | I63: =I64 -> 351.8 | J63: =J64 -> 357 | K63: =K64 -> 378.5
A64: Дорожное хозяйство (дорожные фонды) | B64: 04 | C64: 09 | I64: =I65 -> 351.8 | J64: =J65 -> 357 | K64: =K65 -> 378.5
A65: Непрограммные расходы главных распорядителей средств бюджета Латышовского сельского поселения Кадошкинского муниципального района Республики Мордовия | B65: 04 | C65: 09 | D65: 89 | I65: =I66 -> 351.8 | J65: =J67 -> 357 | K65: =K67 -> 378.5
A66: Непрограммные расходы в рамках обеспечения деятельности главных распорядителей средств бюджета Латышовского сельского поселения Кадошкинского муниципального района Республики Мордовия | B66: 04 | C66: 09 | D66: 89 | E66: 1 | I66: =I67 -> 351.8
A67: Иные межбюджетные трансферты на осуществление полномочий по дорожной деятельности в отношении автомобильных дорог местного значения в границах населенных пунктов поселения и обеспечению безопасности дорожного движения на них, включая создание и обеспечение функционирования парковок (парковочных мест), осуществлению муниципального контроля за сохранностью автомобильных дорог местного значения в границах населенных пунктов поселения, организации дорожного движения, а также осуществлению иных полномочий в области использования автомобильных дорог и осуществления дорожной деятельности в соответствии с законодательством Российской Федерации | B67: 04 | C67: 09 | D67: 89 | E67: 1 | F67: 00 | G67: 44102 | I67: =I68 -> 351.8 | J67: =J68 -> 357 | K67: =K68 -> 378.5
A68: Закупка товаров, работ и услуг для обеспечения государственных (муниципальных) нужд | B68: 04 | C68: 09 | D68: 89 | E68: 1 | F68: 00 | G68: 44102 | H68: 200 | I68: =I69 -> 351.8 | J68: =J69 -> 357 | K68: =K69 -> 378.5
A69: Иные закупки товаров, работ и услуг для обеспечения государственных (муниципальных) нужд | B69: 04 | C69: 09 | D69: 89 | E69: 1 | F69: 00 | G69: 44102 | H69: 240 | I69: ='Прил 4'!J70 -> 351.8 | J69: ='Прил 4'!K70 -> 357 | K69: ='Прил 4'!L70 -> 378.5
A70: Жилищно-коммунальное хозяйство | B70: 05 | I70: =I71+I77 -> 165.7 | J70: =J71+J77 -> 67.4 | K70: =K71+K77 -> 118.6
A71: Коммунальное хозяйство | B71: 05 | C71: 02 | I71: =I72 -> 25.4 | J71: =J72 -> 25.4 | K71: =K72 -> 25.4
A72: Непрограммные расходы главных распорядителей средств бюджета Латышовского сельского поселения Кадошкинского муниципального района Республики Мордовия | B72: 05 | C72: 02 | D72: 89 | I72: =I73 -> 25.4 | J72: =J73 -> 25.4 | K72: =K73 -> 25.4
A73: Непрограммные расходы в рамках обеспечения деятельности главных распорядителей средств бюджета Латышовского сельского поселения Кадошкинского муниципального района Республики Мордовия | B73: 05 | C73: 02 | D73: 89 | E73: 1 | I73: =I74 -> 25.4 | J73: =J74 -> 25.4 | K73: =K74 -> 25.4
A74: Иные межбюджетные трансферты на осуществление полномочий по организации в границах поселения электро-, тепло-, газо- и водоснабжения населения, водоотведения, снабжения населения топливом в пределах полномочий, установленных законодательством Российской Федерации | B74: 05 | C74: 02 | D74: 89 | E74: 1 | F74: 00 | G74: 44101 | I74: =I75 -> 25.4 | J74: =J75 -> 25.4 | K74: =K75 -> 25.4
A75: Закупка товаров, работ и услуг для обеспечения государственных (муниципальных) нужд | B75: 05 | C75: 02 | D75: 89 | E75: 1 | F75: 00 | G75: 44101 | H75: 200 | I75: =I76 -> 25.4 | J75: =J76 -> 25.4 | K75: =K76 -> 25.4
A76: Иные закупки товаров, работ и услуг для обеспечения государственных (муниципальных) нужд | B76: 05 | C76: 02 | D76: 89 | E76: 1 | F76: 00 | G76: 44101 | H76: 240 | I76: ='Прил 4'!J77 -> 25.4 | J76: ='Прил 4'!K77 -> 25.4 | K76: ='Прил 4'!L77 -> 25.4
A77: Благоустройство | B77: 05 | C77: 03 | I77: =I78 -> 140.3 | J77: =J78 -> 42 | K77: =K78 -> 93.2
A78: Непрограммные расходы главных распорядителей средств бюджета Латышовского сельского поселения Кадошкинского муниципального района Республики Мордовия | B78: 05 | C78: 03 | D78: 89 | I78: =I79 -> 140.3 | J78: =J79 -> 42 | K78: =K79 -> 93.2
A79: Непрограммные расходы в рамках обеспечения деятельности главных распорядителей средств бюджета Латышовского сельского поселения Кадошкинского муниципального района Республики Мордовия | B79: 05 | C79: 03 | D79: 89 | E79: 1 | I79: =I80+I83 -> 140.3 | J79: =J80+J83 -> 42 | K79: =K80+K83 -> 93.2
A80: Уличное освещение | B80: 05 | C80: 03 | D80: 89 | E80: 1 | F80: 00 | G80: 43010 | I80: =I81 -> 97.1 | J80: =J81 -> 35.7 | K80: =K81 -> 73
A81: Закупка товаров, работ и услуг для обеспечения государственных (муниципальных) нужд | B81: 05 | C81: 03 | D81: 89 | E81: 1 | F81: 00 | G81: 43010 | H81: 200 | I81: =I82 -> 97.1 | J81: =J82 -> 35.7 | K81: =K82 -> 73
A82: Иные закупки товаров, работ и услуг для обеспечения государственных (муниципальных) нужд | B82: 05 | C82: 03 | D82: 89 | E82: 1 | F82: 00 | G82: 43010 | H82: 240 | I82: ='Прил 4'!J83 -> 97.1 | J82: ='Прил 4'!K83 -> 35.7 | K82: ='Прил 4'!L83 -> 73
A83: Прочие мероприятия по благоустройству | B83: 05 | C83: 03 | D83: 89 | E83: 1 | F83: 00 | G83: 43040 | I83: =I84 -> 43.2 | J83: =J84 -> 6.3 | K83: =K84 -> 20.2
A84: Закупка товаров, работ и услуг для обеспечения государственных (муниципальных) нужд | B84: 05 | C84: 03 | D84: 89 | E84: 1 | F84: 00 | G84: 43040 | H84: 200 | I84: =I85 -> 43.2 | J84: =J85 -> 6.3 | K84: =K85 -> 20.2
A85: Иные закупки товаров, работ и услуг для обеспечения государственных (муниципальных) нужд | B85: 05 | C85: 03 | D85: 89 | E85: 1 | F85: 00 | G85: 43040 | H85: 240 | I85: ='Прил 4'!J86 -> 43.2 | J85: ='Прил 4'!K86 -> 6.3 | K85: ='Прил 4'!L86 -> 20.2
A86: Социальная политика | B86: 10 | I86: =I87 -> 176.6 | J86: =J87 -> 150.8 | K86: =K87 -> 116.9
A87: Пенсионное обеспечение | B87: 10 | C87: 01 | I87: =I88 -> 176.6 | J87: =J88 -> 150.8 | K87: =K88 -> 116.9
A88: Непрограммные расходы главных распорядителей средств бюджета Латышовского сельского поселения Кадошкинского муниципального района Республики Мордовия | B88: 10 | C88: 01 | D88: 89 | I88: =I89 -> 176.6 | J88: =J89 -> 150.8 | K88: =K89 -> 116.9
A89: Непрограммные расходы в рамках обеспечения деятельности главных распорядителей средств бюджета Латышовского сельского поселения Кадошкинского муниципального района Республики Мордовия | B89: 10 | C89: 01 | D89: 89 | E89: 1 | I89: =I90 -> 176.6 | J89: =J90 -> 150.8 | K89: =K90 -> 116.9
A90: Доплаты к пенсиям муниципальных служащих Республики Мордовия | B90: 10 | C90: 01 | D90: 89 | E90: 1 | F90: 00 | G90: 03010 | I90: =I91 -> 176.6 | J90: =J91 -> 150.8 | K90: =K91 -> 116.9
A91: Социальное обеспечение и иные выплаты населению | B91: 10 | C91: 01 | D91: 89 | E91: 1 | F91: 00 | G91: 03010 | H91: 300 | I91: =I92 -> 176.6 | J91: =J92 -> 150.8 | K91: =K92 -> 116.9
A92: Публичные нормативные социальные выплаты гражданам | B92: 10 | C92: 01 | D92: 89 | E92: 1 | F92: 00 | G92: 03010 | H92: 310 | I92: ='Прил 4'!J93 -> 176.6 | J92: ='Прил 4'!K93 -> 150.8 | K92: ='Прил 4'!L93 -> 116.9
A93: Обслуживание государственного и муниципального долга | B93: 13 | I93: =I94 -> 0.7 | J93: =J94 -> 0.7 | K93: =K94 -> 0.7
A94: Обслуживание государственного внутреннего и муниципального долга | B94: 13 | C94: 01 | I94: =I95 -> 0.7 | J94: =J95 -> 0.7 | K94: =K95 -> 0.7
A95: Непрограммные расходы главных распорядителей средств бюджета Латышовского сельского поселения Кадошкинского муниципального района Республики Мордовия | B95: 13 | C95: 01 | D95: 89 | E95: 0 | I95: =I96 -> 0.7 | J95: =J96 -> 0.7 | K95: =K96 -> 0.7
A96: Непрограммные расходы в рамках обеспечения деятельности главных распорядителей средств бюджета Латышовского сельского поселения Кадошкинского муниципального района Республики Мордовия | B96: 13 | C96: 01 | D96: 89 | E96: 1 | I96: =I97 -> 0.7 | J96: =J97 -> 0.7 | K96: =K97 -> 0.7
A97: Процентные платежи по муниципальному долгу | B97: 13 | C97: 01 | D97: 89 | E97: 1 | F97: 00 | G97: 41240 | I97: =I98 -> 0.7 | J97: =J98 -> 0.7 | K97: =K98 -> 0.7
A98: Обслуживание государственного (муниципального) долга | B98: 13 | C98: 01 | D98: 89 | E98: 1 | F98: 00 | G98: 41240 | H98: 700 | I98: =I99 -> 0.7 | J98: =J99 -> 0.7 | K98: =K99 -> 0.7
A99: Обслуживание муниципального долга | B99: 13 | C99: 01 | D99: 89 | E99: 1 | F99: 00 | G99: 41240 | H99: 730 | I99: ='Прил 4'!J100 -> 0.7 | J99: ='Прил 4'!K100 -> 0.7 | K99: ='Прил 4'!L100 -> 0.7
A100: Условно утверждаемые расходы | B100: 99 | J100: =J101 -> 32.1 | K100: =K101 -> 66
...

Sheet Прил 6
J1: Приложение 6 к решению Совета депутатов Латышовского сельского поселения "О бюджете Латышовского сельского поселения Кадошкинского муниципального района Республики Мордовия на 2022 год и на плановый период 2023 и 2024 годов"
A2: РАСПРЕДЕЛЕНИЕ БЮДЖЕТНЫХ АССИГНОВАНИЙ БЮДЖЕТА ЛАТЫШОВСКОГО СЕЛЬСКОГО ПОСЕЛЕНИЯ КАДОШКИНСКОГО МУНИЦИПАЛЬНОГО РАЙОНА РЕСПУБЛИКИ МОРДОВИЯ ПО ЦЕЛЕВЫМ СТАТЬЯМ (МУНИЦИПАЛЬНЫМ ПРОГРАММАМ И НЕПРОГРАММНЫМ НАПРАВЛЕНИЯМ ДЕЯТЕЛЬНОСТИ), ГРУППАМ И ПОДГРУППАМ ВИДОВ РАСХОДОВ, РАЗДЕЛАМ И ПОДРАЗДЕЛАМ КЛАССИФИКАЦИИ РАСХОДОВ БЮДЖЕТОВ НА 2022 ГОД НА ПЛАНОВЫЙ ПЕРИОД 2023 И 2024 ГОДОВ
L3: (тыс. рублей)
A4: Наименование | B4: Цср | F4: ВР | G4: Рз | H4: Прз | I4: Адм | J4: Сумма
J5: 2022 год | K5: 2023 год | L5: 2024 год
A6: 1 | B6: 2 | C6: 3 | D6: 4 | E6: 5 | F6: 6 | G6: 7 | H6: 8 | I6: 9 | J6: 10 | K6: 11 | L6: 12
A7: ВСЕГО | J7: =J22+J60+J8+J15 -> 1603.8 | K7: =K22+K60+K8+K15 -> 1377.7 | L7: =L22+L60+L8+L15 -> 1413.2
A8: Программа "Развитие муниципальной службы в Латышовском сельском поселении на 2019-2022 годы" | B8: 01 | J8: =J9 -> 1 | K8: =K9 -> 0 | L8: =L9 -> 0
A9: Подготовка, переподготовка и повышение квалификации кадров | B9: 01 | C9: 0 | D9: 00 | E9: 41250 | J9: =J10 -> 1 | K9: =K10 -> 0 | L9: =L10 -> 0
A10: Закупка товаров, работ и услуг для обеспечения государственных (муниципальных) нужд | B10: 01 | C10: 0 | D10: 00 | E10: 41250 | F10: 200 | J10: =J11 -> 1 | K10: =K11 -> 0 | L10: =L11 -> 0
A11: Иные закупки товаров, работ и услуг для обеспечения государственных (муниципальных) нужд | B11: 01 | C11: 0 | D11: 00 | E11: 41250 | F11: 240 | J11: =J12 -> 1 | K11: =K12 -> 0 | L11: =L12 -> 0
A12: Общегосударственные вопросы | B12: 01 | C12: 0 | D12: 00 | E12: 41250 | F12: 240 | G12: 01 | J12: =J13 -> 1 | K12: =K13 -> 0 | L12: =L13 -> 0
A13: Другие общегосударственные вопросы | B13: 01 | C13: 0 | D13: 00 | E13: 41250 | F13: 240 | G13: 01 | H13: 13 | J13: =J14 -> 1 | K13: =K14 -> 0 | L13: =L14 -> 0
A14: Администрация Латышовского сельского поселения Кадошкинского муниципального района Республики Мордовия | B14: 01 | C14: 0 | D14: 00 | E14: 41250 | F14: 240 | G14: 01 | H14: 13 | I14: 916 | J14: ='Прил 4'!J48 -> 1 | K14: ='Прил 4'!K48 -> 0 | L14: ='Прил 4'!L48 -> 0
A15: Целевая программа "Профилактика наркомании и токсикомании на территории Латышовского сельского поселения на 2019-2021 годы" | B15: 20 | J15: =J16 -> 1 | K15: =K16 -> 1 | L15: =L16 -> 1
A16: Мероприятия в области противодействия злоупотреблению наркотиками и их незаконному обороту | B16: 20 | C16: 0 | D16: 00 | E16: 42100 | J16: =J17 -> 1 | K16: =K17 -> 1 | L16: =L17 -> 1
A17: Закупка товаров, работ и услуг для обеспечения государственных (муниципальных) нужд | B17: 20 | C17: 0 | D17: 00 | E17: 42100 | F17: 200 | J17: =J18 -> 1 | K17: =K18 -> 1 | L17: =L18 -> 1
A18: Иные закупки товаров, работ и услуг для обеспечения государственных (муниципальных) нужд | B18: 20 | C18: 0 | D18: 00 | E18: 42100 | F18: 240 | J18: =J19 -> 1 | K18: =K19 -> 1 | L18: =L19 -> 1
A19: Национальная безопасность и правоохранительная деятельность | B19: 20 | C19: 0 | D19: 00 | E19: 42100 | F19: 240 | G19: 03 | J19: =J20 -> 1 | K19: =K20 -> 1 | L19: =L20 -> 1
A20: Другие вопросы в области национальной безопасности и правоохранительной деятельности | B20: 20 | C20: 0 | D20: 00 | E20: 42100 | F20: 240 | G20: 03 | H20: 14 | J20: =J21 -> 1 | K20: =K21 -> 1 | L20: =L21 -> 1
A21: Администрация Латышовского сельского поселения Кадошкинского муниципального района Республики Мордовия | B21: 20 | C21: 0 | D21: 00 | E21: 42100 | F21: 240 | G21: 03 | H21: 14 | I21: 916 | J21: ='Прил 4'!J63 -> 1 | K21: ='Прил 4'!K63 -> 1 | L21: ='Прил 4'!L63 -> 1
A22: Обеспечение деятельности администрации | B22: 65 | J22: =J23+J36 -> 818.4 | K22: =K23+K36 -> 677.4 | L22: =L23+L36 -> 640.2
A23: Высшее должностное лицо | B23: 65 | C23: 1 | J23: =J24+J30 -> 347.5 | K23: =K24+K30 -> 231.8 | L23: =L24+L30 -> 206.7
A24: Расходы на выплаты по оплате труда высшего должностного лица муниципального образования | B24: 65 | C24: 1 | D24: 00 | E24: 41150 | J24: =J27 -> 347.5 | K24: =K27 -> 231.8 | L24: =L27 -> 206.7
A25: Расходы на выплаты персоналу в целях обеспечения выполнения функций государственными (муниципальными) органами, казенными учреждениями, органами управления государственными внебюджетными фондами | B25: 65 | C25: 1 | D25: 00 | E25: 41150 | F25: 100 | J25: =J26 -> 347.5 | K25: =K26 -> 231.8 | L25: =L26 -> 206.7
A26: Расходы на выплаты персоналу государственных (муниципальных) органов | B26: 65 | C26: 1 | D26: 00 | E26: 41150 | F26: 120 | J26: =J27 -> 347.5 | K26: =K27 -> 231.8 | L26: =L27 -> 206.7
A27: Общегосударственные вопросы | B27: 65 | C27: 1 | D27: 00 | E27: 41150 | F27: 120 | G27: 01 | J27: =J28 -> 347.5 | K27: =K28 -> 231.8 | L27: =L28 -> 206.7
A28: Функционирование высшего должностного лица субъекта Российской Федерации и муниципального образования | B28: 65 | C28: 1 | D28: 00 | E28: 41150 | F28: 120 | G28: 01 | H28: 02 | J28: =J29 -> 347.5 | K28: =K29 -> 231.8 | L28: =L29 -> 206.7
A29: Администрация Латышовского сельского поселения Кадошкинского муниципального района Республики Мордовия | B29: 65 | C29: 1 | D29: 00 | E29: 41150 | F29: 120 | G29: 01 | H29: 02 | I29: 916 | J29: ='Прил 4'!J15 -> 347.5 | K29: ='Прил 4'!K15 -> 231.8 | L29: ='Прил 4'!L15 -> 206.7
A30: Субсидии на софинансирование расходных обязательств по финансовому обеспечению деятельности органов местного самоуправления и муниципальных учреждений | B30: 65 | C30: 1 | D30: 00 | E30: 44205 | J30: =J31 -> 0 | K30: =K31 -> 0 | L30: =L31 -> 0
A31: Расходы на выплаты персоналу в целях обеспечения выполнения функций государственными (муниципальными) органами, казенными учреждениями, органами управления государственными внебюджетными фондами | B31: 65 | C31: 1 | D31: 00 | E31: 44205 | F31: 100 | J31: =J32 -> 0 | K31: =K32 -> 0 | L31: =L32 -> 0
A32: Расходы на выплаты персоналу государственных (муниципальных) органов | B32: 65 | C32: 1 | D32: 00 | E32: 44205 | F32: 120 | J32: =J33 -> 0 | K32: =K33 -> 0 | L32: =L33 -> 0
A33: Общегосударственные вопросы | B33: 65 | C33: 1 | D33: 00 | E33: 44205 | F33: 120 | G33: 01 | J33: =J34 -> 0 | K33: =K34 -> 0 | L33: =L34 -> 0
A34: Функционирование высшего должностного лица субъекта Российской Федерации и муниципального образования | B34: 65 | C34: 1 | D34: 00 | E34: 44205 | F34: 120 | G34: 01 | H34: 02 | J34: =J35 -> 0 | K34: =K35 -> 0 | L34: =L35 -> 0
A35: Администрация Латышовского сельского поселения Кадошкинского муниципального района Республики Мордовия | B35: 65 | C35: 1 | D35: 00 | E35: 44205 | F35: 120 | G35: 01 | H35: 02 | I35: 916 | J35: ='Прил 4'!J18 -> 0 | K35: ='Прил 4'!K18 -> 0 | L35: ='Прил 4'!L18 -> 0
A36: Непрограммные расходы в рамках обеспечения деятельности администрации | B36: 65 | C36: 2 | J36: =J37+J43+J54 -> 470.9 | K36: =K37+K43+K54 -> 445.6 | L36: =L37+L43+L54 -> 433.5
A37: Расходы на выплаты по оплате труда работников органов местного самоуправления | B37: 65 | C37: 2 | D37: 00 | E37: 41110 | J37: =J38 -> 344.4 | K37: =K40 -> 320.5 | L37: =L40 -> 295.7
A38: Расходы на выплаты персоналу в целях обеспечения выполнения функций государственными (муниципальными) органами, казенными учреждениями, органами управления государственными внебюджетными фондами | B38: 65 | C38: 2 | D38: 00 | E38: 41110 | F38: 100 | J38: =J39 -> 344.4 | K38: =K39 -> 320.5 | L38: =L39 -> 295.7
A39: Расходы на выплаты персоналу государственных (муниципальных) органов | B39: 65 | C39: 2 | D39: 00 | E39: 41110 | F39: 120 | J39: =J40 -> 344.4 | K39: =K40 -> 320.5 | L39: =L40 -> 295.7
A40: Общегосударственные вопросы | B40: 65 | C40: 2 | D40: 00 | E40: 41110 | F40: 120 | G40: 01 | J40: =J41 -> 344.4 | K40: =K41 -> 320.5 | L40: =L41 -> 295.7
A41: Функционирование Правительства Российской Федерации, высших органов исполнительной власти субъектов Российской Федерации, местных администраций | B41: 65 | C41: 2 | D41: 00 | E41: 41110 | F41: 120 | G41: 01 | H41: 04 | J41: =J42 -> 344.4 | K41: =K42 -> 320.5 | L41: =L42 -> 295.7
A42: Администрация Латышовского сельского поселения Кадошкинского муниципального района Республики Мордовия | B42: 65 | C42: 2 | D42: 00 | E42: 41110 | F42: 120 | G42: 01 | H42: 04 | I42: 916 | J42: ='Прил 4'!J24 -> 344.4 | K42: ='Прил 4'!K24 -> 320.5 | L42: ='Прил 4'!L24 -> 295.7
A43: Расходы на обеспечение функций органов местного самоуправленя | B43: 65 | C43: 2 | D43: 00 | E43: 41120 | J43: =J46+J49 -> 126.5 | K43: =K46+K49 -> 125.1 | L43: =L46+L49 -> 137.8
A44: Закупка товаров, работ и услуг для обеспечения государственных (муниципальных) нужд | B44: 65 | C44: 2 | D44: 00 | E44: 41120 | F44: 200 | J44: =J45 -> 60.7 | K44: =K45 -> 60 | L44: =L45 -> 72
A45: Иные закупки товаров, работ и услуг для обеспечения государственных (муниципальных) нужд | B45: 65 | C45: 2 | D45: 00 | E45: 41120 | F45: 240 | J45: =J46 -> 60.7 | K45: =K46 -> 60 | L45: =L46 -> 72
A46: Общегосударственные вопросы | B46: 65 | C46: 2 | D46: 00 | E46: 41120 | F46: 240 | G46: 01 | J46: =J47 -> 60.7 | K46: =K47 -> 60 | L46: =L47 -> 72
A47: Функционирование Правительства Российской Федерации, высших органов исполнительной власти субъектов Российской Федерации, местных администраций | B47: 65 | C47: 2 | D47: 00 | E47: 41120 | F47: 240 | G47: 01 | H47: 04 | J47: =J48 -> 60.7 | K47: =K48 -> 60 | L47: =L48 -> 72
A48: Администрация Латышовского сельского поселения Кадошкинского муниципального района Республики Мордовия | B48: 65 | C48: 2 | D48: 00 | E48: 41120 | F48: 240 | G48: 01 | H48: 04 | I48: 916 | J48: ='Прил 4'!J26 -> 60.7 | K48: ='Прил 4'!K26 -> 60 | L48: ='Прил 4'!L26 -> 72
A49: Закупка товаров, работ и услуг для обеспечения государственных (муниципальных) нужд | B49: 65 | C49: 2 | D49: 00 | E49: 41120 | F49: 800 | J49: =J50 -> 65.8 | K49: =K50 -> 65.1 | L49: =L50 -> 65.8
A50: Иные закупки товаров, работ и услуг для обеспечения государственных (муниципальных) нужд | B50: 65 | C50: 2 | D50: 00 | E50: 41120 | F50: 850 | J50: =J51 -> 65.8 | K50: =K51 -> 65.1 | L50: =L51 -> 65.8
A51: Общегосударственные вопросы | B51: 65 | C51: 2 | D51: 00 | E51: 41120 | F51: 850 | G51: 01 | J51: =J52 -> 65.8 | K51: =K52 -> 65.1 | L51: =L52 -> 65.8
A52: Функционирование Правительства Российской Федерации, высших органов исполнительной власти субъектов Российской Федерации, местных администраций | B52: 65 | C52: 2 | D52: 00 | E52: 41120 | F52: 850 | G52: 01 | H52: 04 | J52: =J53 -> 65.8 | K52: =K53 -> 65.1 | L52: =L53 -> 65.8
A53: Администрация Латышовского сельского поселения Кадошкинского муниципального района Республики Мордовия | B53: 65 | C53: 2 | D53: 00 | E53: 41120 | F53: 850 | G53: 01 | H53: 04 | I53: 916 | J53: ='Прил 4'!J28 -> 65.8 | K53: ='Прил 4'!K28 -> 65.1 | L53: ='Прил 4'!L28 -> 65.8
A54: Субсидии на софинансирование расходных обязательств по финансовому обеспечению деятельности органов местного самоуправления и муниципальных учреждений | B54: 65 | C54: 2 | D54: 00 | E54: 44205 | J54: =J55 -> 0 | K54: =K55 -> 0 | L54: =L55 -> 0
A55: Расходы на выплаты персоналу в целях обеспечения выполнения функций государственными (муниципальными) органами, казенными учреждениями, органами управления государственными внебюджетными фондами | B55: 65 | C55: 2 | D55: 00 | E55: 44205 | F55: 100 | J55: =J56 -> 0 | K55: =K56 -> 0 | L55: =L56 -> 0
A56: Расходы на выплаты персоналу государственных (муниципальных) органов | B56: 65 | C56: 2 | D56: 00 | E56: 44205 | F56: 120 | J56: =J57 -> 0 | K56: =K57 -> 0 | L56: =L57 -> 0
A57: Общегосударственные вопросы | B57: 65 | C57: 2 | D57: 00 | E57: 44205 | F57: 120 | G57: 01 | J57: =J58 -> 0 | K57: =K58 -> 0 | L57: =L58 -> 0
A58: Функционирование Правительства Российской Федерации, высших органов исполнительной власти субъектов Российской Федерации, местных администраций | B58: 65 | C58: 2 | D58: 00 | E58: 44205 | F58: 120 | G58: 01 | H58: 04 | J58: =J59 -> 0 | K58: =K59 -> 0 | L58: =L59 -> 0
A59: Администрация Латышовского сельского поселения Кадошкинского муниципального района Республики Мордовия | B59: 65 | C59: 2 | D59: 00 | E59: 44205 | F59: 120 | G59: 01 | H59: 04 | I59: 916 | J59: ='Прил 4'!J32 -> 0 | K59: ='Прил 4'!K32 -> 0 | L59: ='Прил 4'!L32 -> 0
A60: Непрограммные расходы главных распорядителей средств бюджета Латышовского сельского поселения Кадошкинского муниципального района Республики Мордовия | B60: 89 | J60: =J61 -> 783.4 | K60: =K61 -> 699.3 | L60: =L61 -> 772
A61: Непрограммные расходы в рамках обеспечения деятельности главных распорядителей средств бюджета Латышовского сельского поселения Кадошкинского муниципального района Республики Мордовия | B61: 89 | C61: 1 | J61: =J67+J73+J79+J103+J109+J115+J126+J91+J97+J120 -> 783.4 | K61: =K67+K73+K79+K103+K109+K115+K126+K91+K97+K120+K85 -> 699.3 | L61: =L67+L73+L79+L103+L109+L115+L126+L91+L97+L120+L85 -> 772
A62: Доплаты к пенсиям муниципальных служащих | B62: 89 | C62: 1 | D62: 00 | E62: 03010 | J62: =J65 -> 176.6 | K62: =K65 -> 150.8 | L62: =L65 -> 116.9
A63: Социальное обеспечение и иные выплаты населению | B63: 89 | C63: 1 | D63: 00 | E63: 03010 | F63: 300 | J63: =J64 -> 176.6 | K63: =K64 -> 150.8 | L63: =L64 -> 116.9
A64: Публичные нормативные социальные выплаты гражданам | B64: 89 | C64: 1 | D64: 00 | E64: 03010 | F64: 310 | J64: =J65 -> 176.6 | K64: =K65 -> 150.8 | L64: =L65 -> 116.9
A65: Социальная политика | B65: 89 | C65: 1 | D65: 00 | E65: 03010 | F65: 310 | G65: 10 | J65: =J66 -> 176.6 | K65: =K66 -> 150.8 | L65: =L66 -> 116.9
A66: Пенсионное обеспечение | B66: 89 | C66: 1 | D66: 00 | E66: 03010 | F66: 310 | G66: 10 | H66: 01 | J66: =J67 -> 176.6 | K66: =K67 -> 150.8 | L66: =L67 -> 116.9
A67: Администрация Латышовского сельского поселения Кадошкинского муниципального района Республики Мордовия | B67: 89 | C67: 1 | D67: 00 | E67: 03010 | F67: 310 | G67: 10 | H67: 01 | I67: 916 | J67: ='Прил 4'!J93 -> 176.6 | K67: ='Прил 4'!K93 -> 150.8 | L67: ='Прил 4'!L93 -> 116.9
A68: Резервный фонд администрации Латышовского сельского поселения Кадошкинского муниципального района Республики Мордовия | B68: 89 | C68: 1 | D68: 00 | E68: 41180 | J68: =J71 -> 1 | K68: =K71 -> 1 | L68: =L71 -> 1
A69: Иные бюджетные ассигнования | B69: 89 | C69: 1 | D69: 00 | E69: 41180 | F69: 800 | J69: =J70 -> 1 | K69: =K70 -> 1 | L69: =L70 -> 1
A70: Резервные средства | B70: 89 | C70: 1 | D70: 00 | E70: 41180 | F70: 870 | J70: =J71 -> 1 | K70: =K71 -> 1 | L70: =L71 -> 1
A71: Общегосударственные вопросы | B71: 89 | C71: 1 | D71: 00 | E71: 41180 | F71: 870 | G71: 01 | J71: =J72 -> 1 | K71: =K72 -> 1 | L71: =L72 -> 1
A72: Резервные фонды | B72: 89 | C72: 1 | D72: 00 | E72: 41180 | F72: 870 | G72: 01 | H72: 11 | J72: =J73 -> 1 | K72: =K73 -> 1 | L72: =L73 -> 1
A73: Администрация Латышовского сельского поселения Кадошкинского муниципального района Республики Мордовия | B73: 89 | C73: 1 | D73: 00 | E73: 41180 | F73: 870 | G73: 01 | H73: 11 | I73: 916 | J73: ='Прил 4'!J43 -> 1 | K73: ='Прил 4'!K43 -> 1 | L73: ='Прил 4'!L43 -> 1
A74: Процентные платежи по муниципальному долгу | B74: 89 | C74: 1 | D74: 00 | E74: 41240 | J74: =J77 -> 0.7 | K74: =K77 -> 0.7 | L74: =L77 -> 0.7
A75: Обслуживание государственного (муниципального) долга | B75: 89 | C75: 1 | D75: 00 | E75: 41240 | F75: 700 | J75: =J76 -> 0.7 | K75: =K76 -> 0.7 | L75: =L76 -> 0.7
A76: Обслуживание муниципального долга | B76: 89 | C76: 1 | D76: 00 | E76: 41240 | F76: 730 | J76: =J77 -> 0.7 | K76: =K77 -> 0.7 | L76: =L77 -> 0.7
A77: Обслуживание государственного и муниципального долга | B77: 89 | C77: 1 | D77: 00 | E77: 41240 | F77: 730 | G77: 13 | J77: =J78 -> 0.7 | K77: =K78 -> 0.7 | L77: =L78 -> 0.7
A78: Обслуживание государственного внутреннего и муниципального долга | B78: 89 | C78: 1 | D78: 00 | E78: 41240 | F78: 730 | G78: 13 | H78: 01 | J78: =J79 -> 0.7 | K78: =K79 -> 0.7 | L78: =L79 -> 0.7
A79: Администрация Латышовского сельского поселения Кадошкинского муниципального района Республики Мордовия | B79: 89 | C79: 1 | D79: 00 | E79: 41240 | F79: 730 | G79: 13 | H79: 01 | I79: 916 | J79: ='Прил 4'!J100 -> 0.7 | K79: ='Прил 4'!K100 -> 0.7 | L79: ='Прил 4'!L100 -> 0.7
A80: Условно утверждаемые расходы | B80: 89 | C80: 1 | D80: 00 | E80: 41990 | K80: =K81 -> 32.1 | L80: =L81 -> 66
A81: Иные бюджетные ассигнования | B81: 89 | C81: 1 | D81: 00 | E81: 41990 | F81: 800 | K81: =K82 -> 32.1 | L81: =L82 -> 66
A82: Резервные средства | B82: 89 | C82: 1 | D82: 00 | E82: 41990 | F82: 870 | K82: =K83 -> 32.1 | L82: =L83 -> 66
A83: Условно утверждаемые расходы | B83: 89 | C83: 1 | D83: 00 | E83: 41990 | F83: 870 | G83: 99 | K83: =K84 -> 32.1 | L83: =L84 -> 66
A84: Условно утверждаемые расходы | B84: 89 | C84: 1 | D84: 00 | E84: 41990 | F84: 870 | G84: 99 | H84: 99 | K84: =K85 -> 32.1 | L84: =L85 -> 66
A85: Администрация Латышовского сельского поселения Кадошкинского муниципального района Республики Мордовия | B85: 89 | C85: 1 | D85: 00 | E85: 41990 | F85: 870 | G85: 99 | H85: 99 | I85: 916 | K85: ='Прил 4'!K107 -> 32.1 | L85: ='Прил 4'!L107 -> 66
A86: Уличное освещение | B86: 89 | C86: 1 | D86: 00 | E86: 43010 | J86: =J89 -> 97.1 | K86: =K89 -> 35.7 | L86: =L89 -> 73
A87: Иные закупки товаров, работ и услуг для обеспечения государственных (муниципальных) нужд | B87: 89 | C87: 1 | D87: 00 | E87: 43010 | F87: 200 | J87: =J88 -> 97.1 | K87: =K88 -> 35.7 | L87: =L88 -> 73
A88: Прочая закупка товаров, работ и услуг | B88: 89 | C88: 1 | D88: 00 | E88: 43010 | F88: 240 | J88: =J89 -> 97.1 | K88: =K89 -> 35.7 | L88: =L89 -> 73
A89: Коммунальное хозяйство | B89: 89 | C89: 1 | D89: 00 | E89: 43010 | F89: 240 | G89: 05 | J89: =J90 -> 97.1 | K89: =K90 -> 35.7 | L89: =L90 -> 73
A90: Благоустройство | B90: 89 | C90: 1 | D90: 00 | E90: 43010 | F90: 240 | G90: 05 | H90: 03 | J90: =J91 -> 97.1 | K90: =K91 -> 35.7 | L90: =L91 -> 73
A91: Администрация Латышовского сельского поселения Кадошкинского муниципального района Республики Мордовия | B91: 89 | C91: 1 | D91: 00 | E91: 43010 | F91: 240 | G91: 05 | H91: 03 | I91: 916 | J91: ='Прил 4'!J83 -> 97.1 | K91: ='Прил 4'!K83 -> 35.7 | L91: ='Прил 4'!L83 -> 73
A92: Прочие мероприятия по благоустройству | B92: 89 | C92: 1 | D92: 00 | E92: 43040 | J92: =J95 -> 43.2 | K92: =K95 -> 6.3 | L92: =L95 -> 20.2
A93: Иные закупки товаров, работ и услуг для обеспечения государственных (муниципальных) нужд | B93: 89 | C93: 1 | D93: 00 | E93: 43040 | F93: 200 | J93: =J94 -> 43.2 | K93: =K94 -> 6.3 | L93: =L94 -> 20.2
A94: Прочая закупка товаров, работ и услуг | B94: 89 | C94: 1 | D94: 00 | E94: 43040 | F94: 240 | J94: =J95 -> 43.2 | K94: =K95 -> 6.3 | L94: =L95 -> 20.2
A95: Коммунальное хозяйство | B95: 89 | C95: 1 | D95: 00 | E95: 43040 | F95: 240 | G95: 05 | J95: =J96 -> 43.2 | K95: =K96 -> 6.3 | L95: =L96 -> 20.2
A96: Благоустройство | B96: 89 | C96: 1 | D96: 00 | E96: 43040 | F96: 240 | G96: 05 | H96: 03 | J96: =J97 -> 43.2 | K96: =K97 -> 6.3 | L96: =L97 -> 20.2
A97: Администрация Латышовского сельского поселения Кадошкинского муниципального района Республики Мордовия | B97: 89 | C97: 1 | D97: 00 | E97: 43040 | F97: 240 | G97: 05 | H97: 03 | I97: 916 | J97: ='Прил 4'!J86 -> 43.2 | K97: ='Прил 4'!K86 -> 6.3 | L97: ='Прил 4'!L86 -> 20.2
A98: Иные межбюджетные трансферты на осуществление полномочий по организации в границах поселения электро-, тепло-, газо- и водоснабжения населения, водоотведения, снабжения населения топливом в пределах полномочий, установленных законодательством Российской Федерации | B98: 89 | C98: 1 | D98: 00 | E98: 44101 | J98: =J101 -> 25.4 | K98: =K101 -> 25.4 | L98: =L101 -> 25.4
A99: Иные закупки товаров, работ и услуг для обеспечения государственных (муниципальных) нужд | B99: 89 | C99: 1 | D99: 00 | E99: 44101 | F99: 200 | J99: =J100 -> 25.4 | K99: =K100 -> 25.4 | L99: =L100 -> 25.4
A100: Прочая закупка товаров, работ и услуг | B100: 89 | C100: 1 | D100: 00 | E100: 44101 | F100: 240 | J100: =J101 -> 25.4 | K100: =K101 -> 25.4 | L100: =L101 -> 25.4
...

Sheet Прил 7
C1: Приложение 7 к решению Совета депутатов Латышовского сельского поселения "О бюджете Латышовского сельского поселения Кадошкинского муниципального района Республики Мордовия на 2022 год и на плановый период 2023 и 2024 годов"
A2: ИСТОЧНИКИ ВНУТРЕННЕГО ФИНАНСИРОВАНИЯ ДЕФИЦИТА БЮДЖЕТА ЛАТЫШОВСКОГО СЕЛЬСКОГО ПОСЕЛЕНИЯ КАДОШКИНСКОГО МУНИЦИПАЛЬНОГО РАЙОНА РЕСПУБЛИКИ МОРДОВИЯ НА 2022 ГОД И НА ПЛАНОВЫЙ ПЕРИОД 2023 И 2024 ГОДОВ
E3: (тыс.руб.)
A4: Код | B4: Наименование кода группы, подгруппы, статьи, вида источника финансирования дефицитов бюджетов, кода классификации операций сектора государственного управления, относящихся к источникам финансирования дефицитов бюджетов Российской Федерации | C4: Сумма (тыс. руб.)
C5: 2022 год | D5: 2023 год | E5: 2024 год
A6: 000 01 00 00 00 00 0000 000 | B6: ИСТОЧНИКИ ВНУТРЕННЕГО ФИНАНСИРОВАНИЯ ДЕФИЦИТОВ БЮДЖЕТОВ | C6: =C7+C10+C14 -> 4.6185278e-14 | D6: =D7+D10+D14 -> -4.6185278e-14 | E6: =E7+E10+E14 -> 9.2370556e-14
A7: 000 01 02 00 00 00 0000 000 | B7: Кредиты кредитных организаций в валюте Российской Федерации | C7: =SUM(C8) -> 0 | D7: =SUM(D8) -> 0 | E7: =SUM(E8) -> 0
A8: 000 01 02 00 00 00 0000 700 | B8: Получение кредитов от кредитных организаций в валюте Российской Федерации | C8: =SUM(C9) -> 0 | D8: =SUM(D9) -> 0 | E8: =SUM(E9) -> 0
A9: 000 01 02 00 00 10 0000 710 | B9: Получение кредитов от кредитных организаций бюджетами поселений в валюте Российской Федерации | C9: 0 | D9: 0 | E9: 0
A10: 000 01 03 00 00 00 0000 000 | B10: Бюджетные кредиты от других бюджетов бюджетной системы Российской Федерации | C10: =C11 -> -14.2 | D10: =D11 -> -21.3 | E10: =E11 -> -28.4
A11: 000 01 03 01 00 00 0000 000 | B11: Бюджетные кредиты от других бюджетов бюджетной системы Российской Федерации в валюте Российской Федерации | C11: =C12 -> -14.2 | D11: =D12 -> -21.3 | E11: =E12 -> -28.4
A12: 000 01 03 01 00 10 0000 800 | B12: Погашение бюджетных кредитов, полученных от других бюджетов бюджетной системы Российской Федерации в валюте Российской Федерации | C12: =SUM(C13) -> -14.2 | D12: =SUM(D13) -> -21.3 | E12: =SUM(E13) -> -28.4
A13: 000 01 03 01 00 10 0000 810 | B13: Погашение бюджетами сельских поселений кредитов от других бюджетов бюджетной системы Российской Федерации в валюте Российской Федерации | C13: -14.2 | D13: -21.3 | E13: -28.4
A14: 000 01 05 00 00 00 0000 000 | B14: Изменения остатков средств на счетах по учету средств бюджетов | C14: =C17+C18 -> 14.2 | D14: =D17+D18 -> 21.3 | E14: =E17+E18 -> 28.4
A15: 000 01 05 02 00 00 0000 500 | B15: Увеличение прочих остатков средств бюджетов | C15: =SUM(C16) -> -1603.8 | D15: =SUM(D16) -> -1377.7 | E15: =SUM(E16) -> -1413.2
A16: 000 01 05 02 01 00 0000 510 | B16: Увеличение прочих остатков денежных средств бюджетов | C16: =SUM(C17) -> -1603.8 | D16: =SUM(D17) -> -1377.7 | E16: =SUM(E17) -> -1413.2
A17: 000 01 05 02 01 10 0000 510 | B17: Увеличение прочих остатков денежных средств бюджетов сельских поселений | C17: =-'Прил 3'!C8-C9 -> -1603.8 | D17: =-'Прил 3'!D8-D9 -> -1377.7 | E17: =-'Прил 3'!E8-E9 -> -1413.2
A18: 000 01 05 02 00 00 0000 600 | B18: Уменьшение прочих остатков средств бюджетов | C18: =SUM(C19) -> 1618 | D18: =SUM(D19) -> 1399 | E18: =SUM(E19) -> 1441.6
A19: 000 01 05 02 01 00 0000 610 | B19: Уменьшение прочих остатков денежных средств бюджетов | C19: =SUM(C20) -> 1618 | D19: =SUM(D20) -> 1399 | E19: =SUM(E20) -> 1441.6
A20: 000 01 05 02 01 10 0000 610 | B20: Уменьшение прочих остатков денежных средств местных бюджетов | C20: ='Прил 5 '!I7-C13 -> 1618 | D20: ='Прил 5 '!J7-D13 -> 1399 | E20: ='Прил 5 '!K7-E13 -> 1441.6

Sheet Прил 8
C1: Приложение 8 к решению Совета депутатов Латышовского сельского поселения "О бюджете Латышовского сельского поселения Кадошкинского муниципального района Республики Мордовия на 2022 год и на плановый период 2023 и 2024 годов"
A2: ПРОГРАММА МУНИЦИПАЛЬНЫХ ВНУТРЕННИХ ЗАИМСТВОВАНИЙ ЛАТЫШОВСКОГО СЕЛЬСКОГО ПОСЕЛЕНИЯ КАДОШКИНСКОГО МУНИЦИПАЛЬНОГО РАЙОНА РЕСПУБЛИКИ МОРДОВИЯ НА 2022 ГОД И НА ПЛАНОВЫЙ ПЕРИОД 2023 И 2024 ГОДОВ
A5: № п/п | B5: Виды заимствований | C5: Сумма (тыс.руб.)
C6: 2022 год | D6: 2023 год | E6: 2024 год
A7: 1 | B7: 2 | C7: 3 | D7: 4 | E7: 5
A8: I | B8: Кредиты кредитных организаций в валюте Российской Федерации | C8: =C10 -> 0 | D8: =D10 -> 0 | E8: =E10 -> 0
B9: в том числе:
A10: 1 | B10: Объем привлечения | C10: 0 | D10: 0 | E10: 0
A11: 2 | B11: Объем средств, напрвляемых на погашение основной суммы долга
A12: II | B12: Бюджетные кредиты от других бюджетов бюджетной системы Российской Федерации | C12: =C15 -> -14.2 | D12: =D15 -> -21.3 | E12: =E15 -> -28.4
B13: в том числе
A14: 1 | B14: Объем привлечения
A15: 2 | B15: Объем средств, напрвляемых на погашение основной суммы долга | C15: -14.2 | D15: -21.3 | E15: -28.4
B16: ВСЕГО | C16: =C10+C15 -> -14.2 | D16: =D10+D15 -> -21.3 | E16: =E10+E15 -> -28.4
